Workbook

Sheet Упатство
C3: УПАТСТВО ЗА ПОПОЛНУВАЊЕ НА EXCEL АЛАТКА ЗА ГОДИШНА СМЕТКА 2025
B5: Почитувани колеги,
B7: Ви посакуваме успешно поднесување на Завршните сметки за годината што завршува на 31.12.2025.
B9: Со ова Упатство би сакале да ве насочиме кон начинот на пополнување на табелите како на побрз начин би ги добиле крајните резултати, а тоа се пополнети обрасци.
B11: Ве молиме да ги почитувате правилата за евидентирање на активните и пасивните сметки.
B13: На класа 4 внесувате на страна должи, на класа 7 освен контата 701,702 внесувате на страна побарува.
B15: Екселот е подготвен согласно сметководствените правила и принципи.
B17: Пополнувате во sheet Контен План, согласно контата официјално објавени од Министерство за финансии.
B19: Во Контниот план, доколку имате производство, готови производи задолжително пополнете во горниот дел, обоен со жолта боја.
B21: Доколку имате реинвестирана добивка истотака да го пополните делот обоен со жолта боја.
B23: На крајот на контниот план има контрола, која треба да биде нула.
B25: Во Контниот план пополнувате во цели броеви без користење на точки и запирки, без користење на знаци.
B27: Во Билансот на состојба и билансот на успех не пополнувате во тековна година. Доколку поднесувате годишна сметка во хартиена форма ја пополнувате претходната година, согласно поднесената завршна сметка за 2024 година.
... B46: НАПОМЕНА: Excel Алатката претставува помагало за изготвување на завршна сметка . Формулите внесени во обрасците, можеби нема да соодвествуваат на некои карактеристични ситуации во зависност од видот на правниот субјект за кој се составува завршната сметка. Ве молиме внимавајте и внимателно проверете дали обрасците се пополнети соодветно на видот на субјектот за кој составувате завршна сметка. Алатката е наменета за овластени сметководители! Не се обидувајте да составувате годишна сметка доколку не сте овластен сметководител. Поради постоење на можност од бришење на поставени формули или погрешно внесени износи, Ве молиме проверети ги внимателно добиените поодатоци во обрасците. Дел од податоците не се влечат во Објаснувачки белешки и во Државна евиденција - доколку има дополнителни податоци, внесете ги рачно. При внесување на податоците, Внимавајте да не избришете некоја поставена формула.

Sheet ОСНОВНИ ПОДАТОЦИ ЗА ДРУШТВОТО
A4: ЕМБС | C4: 7666666
A5: Даночен број на друштвото
A7: Општи информации за друштвото
A8: Назив на друштвото | C8: ТЕСТ ДОО Скопје
A9: Адреса
A10: Седиште
A11: Телефон
A12: Адреса за е-пошта | C12: test@gmail.com
A13: Тековна година | C13: 2025
A14: Број на месеци на работење | C14: 12
A15: Просечен број на вработени | C15: 15
A16: Регистрирана Претежна Дејност (Внесете шифра на дејност утврдена со новата класификација НКД Рев.2.1 ) | C16: 69.2
A17: Регистрирана Претежна Дејност (Внесете опис на дејност утврдена со новата класификација НКД Рев.2.1) | C17: Сметководствени, книговодствени и ревизорски работи; даночно советување
A19: Информации за составувачот на Годишната сметка и законскиот застапник
A20: Име и презиме на законски застапник на друштвото:
A21: Лице одговорно за составување на образецот- Име и презиме
A22: Број од регистарот на Институтот на сметководители и овластени сметководители на Република Македонија:
A23: Место
A24: На ден | C24: 31.12.2025

Sheet КОНТЕН ПЛАН
A1: Контен план | B1: Опис на конто | C1: 2025
C2: Салдо должи | D2: Салдо побарува | F2: Промена на вредност на залихи на готови производи и на недовршено производство
A3: 000-ххх | B3: Издатоци за развој | G3: Износ
A4: 001-ххх | B4: Гудвил (Goodwil) | F4: 01.01.2025 | I4: Од 60 до 63 без сметките 608,618 и 638 и без износи книжени на кусоци и вишоци АОП 205 од БУ за 2024 , кое треба да е еднакво со бруто биланс на 01.01.2025
A5: 002-ххх | B5: Концесии | F5: 31.12.2025 | G5: =C392+C396+C406-D392-D396-D406 -> 0
A6: 002-ххх | B6: Патенти
A7: 002 | B7: Концесии, патенти, лиценци, трговски и услужни марки | C7: =+C5+C6 -> 0 | D7: =+D5+D6 -> 0 | F7: Реинвестирана добивка
A8: 003-ххх | B8: Софтвер и останати права | F8: 01.01.2025
A9: 005-ххх | B9: Аванси за набавка на нематеријални средства
A10: 006-ххх | B10: Нематеријални средства во подготовка
A11: 007-ххх | B11: Останати нематеријални средства
A12: 008-ххх | B12: ВУ на издатоци за истражување и развој (аналитика по конта од група 000)
A13: 008-ххх | B13: ВУ на гудвил (аналитика по конта од група 001)
A14: 008-ххх | B14: ВУ на концесии, патенти и лиценци (аналитика по конта од група 002)
A15: 008-ххх | B15: ВУ на софтвер и останати права (аналитика по конта од група 003)
A16: 008-ххх | B16: ВУ на авансите за нематеријални средства (аналитика по конта од група 005)
A17: 008-ххх | B17: ВУ на нематеријалните средства во подготовка (аналитика по конта од група 006)
A18: 008-ххх | B18: ВУ на останатите нематеријални средства (аналитика по конта од група 007).
A19: 008 | B19: Вредносно усогласување (ВУ) на нематеријални вложувања (ревалоризација) | C19: =SUM(C12:C18) -> 0 | D19: =SUM(D12:D18) -> 0
A20: 009-ххх | B20: Акумулирана амортизација на вредноста на издатоците за истражување и развој (аналитика по конта од група 000)
A21: 009-ххх | B21: Акумулирана амортизација на гудвил (аналитика по конта од група 001)
A22: 009-ххх | B22: Акумулирана амортизација на концесиите, патентите, и лиценците и (аналитика по конта од група 002)
A23: 009-ххх | B23: Акумулирана амортизација на софтвер и останати права (аналитика по конта од група 003)
A24: 009-ххх | B24: Акумулирана амортизација на останатитенематеријални средства (аналитика по конта од група 007)
A25: 009-ххх | B25: Вкупна акумулирана амортизација за пресметковниот период за нематеријалните средства
A26: 009 | B26: Акумулирана амортизација на нематеријалните средства | C26: =SUM(C20:C25) -> 0 | D26: =SUM(D20:D25) -> 0
A27: 00 | B27: Нематеријални средства | C27: =C3+C4+C7+C8+C9+C10+C11+C19+C26 -> 0 | D27: =D3+D4+D7+D8+D9+D10+D11+D19+D26 -> 0
A28: 010-ххх | B28: Земјишта (аналитика по локации)
A29: 011-ххх | B29: Градежни објекти (аналитика по објекти)
A30: 012-ххх | B30: Постројки и опрема
A31: 013-ххх | B31: Патнички моторни возила, возила на моторен погон и приклучни уреди, мотори и велосипеди
A32: 013-ххх | B32: Алат, погонски и канцелариски инвентар, мебел и транспортни средства
A33: 014-ххх | B33: Биолошки средства
A34: 015-ххх | B34: Останати материјални средства
A35: 016-ххх | B35: Материјални средства во подготовка(инвестиции во тек)
A36: 017-ххх | B36: Аванси за набавка материјални средства
A37: 018-ххх | B37: Ревалоризација на земјишта и шуми (аналитика според сметка 010)
A38: 018-ххх | B38: Ревалоризација на градежните објекти (аналитика според сметка 011)
A39: 018-ххх | B39: Ревалоризација на постројките и опремата (аналитика според сметка 012)
... A41: 018-ххх | B41: Ревалоризација на алат, погонски и канцелариски инвентар, мебел
A42: 018 | B42: Ревалоризација на транспортни средства алат, погонски и канцелариски инвентар, мебел | C42: =SUM(C37:C41) -> 0 | D42: =SUM(D37:D41) -> 0
A43: 018-ххх | B43: Ревалоризација на биолошки средства (аналитика според сметка 014)
A44: 018-ххх | B44: Ревалоризација на останати материјални средства (аналитика според сметка 015)
A45: 018-ххх | B45: ВУ за аванси за набавка материј. средства
A46: 018-ххх | B46: ВУ на материјални средства во подготовка
A47: 018 | B47: Вредносно усогласување на материјалните средства | C47: =SUM(C42:C46) -> 0 | D47: =SUM(D42:D46) -> 0
A48: 019-ххх | B48: Акумулирана амортизација на градежните објекти (аналитика според сметка 011)
A49: 019-ххх | B49: Акумулирана амортизација на постројки и опрема (аналитика според сметка 012)
A50: 019-ххх | B50: Акумулирана амортизација на транспортни средства
A51: 019-ххх | B51: Акумулирана амортизација на алат, погонски и деловен инвентар, мебел
A52: 019-ххх | B52: Акумулирана амортизација биолошки средства (аналитика од сметка 014)
A53: 019-ххх | B53: Акумулирана амортизација на останати материјални средства (аналитика според сметка 015)
A54: 019-ххх | B54: Вкупно акумулирана амортизација за тековниот период
A55: 019 | B55: Акумулирана амортизација на материјални средства | C55: =SUM(C48:C54) -> 0 | D55: =SUM(D48:D54) -> 0
A56: 01 | B56: Материјални средства | C56: =C30++C31+C32+C36+C47+C55+C28+C29+C33+C34+C35 -> 0 | D56: =D30++D31+D32+D36+D47+D55+D28+D29+D33+D34+D35 -> 0
A57: 020-ххх | B57: Вложувања во недвижности за наем
A58: 021-ххх | B58: Вложувања во недвижности заради зголемување на капиталот
A59: 026-ххх | B59: Вложувања во недвижности во подготовка
A60: 027-ххх | B60: Аванси за вложувања во недвижности
A61: 028-ххх | B61: Вредносно усогласување на вложувања во недвижности
A62: 029-ххх | B62: Акумулирана амортизација на вложувања во недвижности
A63: `02 | B63: Вложувања во недвижности | C63: =SUM(C57:C62) -> 0 | D63: =SUM(D57:D62) -> 0
A64: 030-ххх | B64: Вложувања во подружница
A65: 031-ххх | B65: Вложувања во придружни друштва и заеднички контролирани друштва (учество во заеднички вложувања)
A66: 032-ххх | B66: Долгорочни заеми и кредити на поврзани друштва во земјата и странство
A67: 033-ххх | B67: Дадени заеми и кредити во земјата и во странство (неповрзани субјекти)
A68: 034-ххх | B68: Финансиски средства кои се чуваат до доспевање
A69: 035-ххх | B69: Финансиски средства расположиви за продажба
A70: 036-ххх | B70: Финансиски средства според објективна вредност преку добивката или загубата
A71: 037-ххх | B71: Дадени депозити и кауции во земјата и странство
A72: 038-ххх | B72: Остатати долгорочни финансиски средства
A73: 039-ххх | B73: ВУ на вложувањата во подружници (аналитика според сметка 030)
A74: 039-ххх | B74: ВУ на вложувања во придружни друштва и заеднички контролирани друштва (аналитика според сметка 031)
A75: 039-ххх | B75: ВУ на долгорочни заеми и кредити на поврзани друштва во земјата и странство (аналитика според сметка 032)
... A82: 039-ххх | B82: Вредносно усогласување (ВУ) на долгорочни финансиски средства
A83: 03 | B83: Долгорочни финансиски средства | C83: =SUM(C64:C82) -> 0 | D83: =SUM(D64:D82) -> 0
A84: 040-ххх | B84: Побарувања од поврзани друштва врз основа на продажба
A85: 041-ххх | B85: Побарувања од неповрзани друштва врз основа на продажба на кредит
A86: 042-ххх | B86: Побарувања врз основа на наем финансиски лизинг
A87: 043-ххх | B87: Побарувања врз основа на форфетинг
A88: 044-ххх | B88: Побарувања врз основа на дадени гаранции
A89: 045-ххх | B89: Спорни и ризични побарувања
A90: 046-ххх | B90: Побарувања за дадени аванси
A91: 047-ххх | B91: Останати долгорочни побарувања
A92: 049-ххх | B92: Побарувања од поврзани друштва врз основа на продажба на кредит (според аналитиките од 040)
A93: 049-ххх | B93: Побарувања од неповрзани друштва врз основа на продажба на кредит (според аналитиките од 041)
A94: 049-ххх | B94: Побарувања врз основа на наем финансиски лизинг (според аналитиките од 042)
A95: 049-ххх | B95: Побарувања врз основа на форфетинг (според аналитиките од 043)
... A98: 049-ххх | B98: Останати долгорочни побарувања (според аналитиките од 047)
A99: 049-ххх | B99: Вредносно усогласување на долгорочни побарувања | C99: =SUM(C92:C98) -> 0 | D99: =SUM(D92:D98) -> 0
A100: 04 | B100: Долгорочни побарувања | C100: =SUM(C84:C91)+C99 -> 0 | D100: =SUM(D84:D91)+D99 -> 0
A101: 050-ххх | B101: Одложени даночни средства
A102: 05 | B102: Одложени даночни средства | C102: =C101 -> 0 | D102: =D101 -> 0
B103: Класа 0 | C103: =C27+C56+C63+C83+C100+C102 -> 0 | D103: =D27+D56+D63+D83+D100+D102 -> 0
A104: 100-ххх | B104: Парични средства на трансакциски сметки во денари
A105: 101-ххх | B105: Издвоени парични средства и акредитиви
A106: 102-ххх | B106: Парични средства во благајна
A107: 103-ххх | B107: Девизни сметки
A108: 104-ххх | B108: Девизни акредитиви
A109: 105-ххх | B109: Парични средства во благајна во странска валута
...

Sheet БС
B13: Назив на друштвото | C13: ='ОСНОВНИ ПОДАТОЦИ ЗА ДРУШТВОТО'!C8:O8 -> ТЕСТ ДОО Скопје
B14: Адреса, седиште и телефон | C14: ='ОСНОВНИ ПОДАТОЦИ ЗА ДРУШТВОТО'!C9:O9 -> 0
B15: Адреса за е-пошта | C15: ='ОСНОВНИ ПОДАТОЦИ ЗА ДРУШТВОТО'!C12:O12 -> test@gmail.com
B16: Единствен даночен број | C16: ='ОСНОВНИ ПОДАТОЦИ ЗА ДРУШТВОТО'!C5:O5 -> 0
D17: БИЛАНС НА СОСТОЈБАТА
D18: (ИЗВЕШТАЈ ЗА ФИНАНСИСКАТА СОСТОЈБА)
C19: на ден 31.12 2025 година
A22: Ред. Бр | B22: ПОЗИЦИЈА | C22: Ознака на АОП | D22: Број на белешка | E22: Износ
E23: Тековна година | F23: Претходна година
A26: 1 | B26: 2 | C26: 3 | D26: 4 | E26: 5 | F26: 6
A27: 1 | B27: АКТИВА А.НЕТЕКОВНИ СРЕДСТВА (002+009+020+021+031) | C27: 1 | E27: =E30+E37+E53+E54+E66 -> 0 | F27: =F30+F37+F53+F54+F66 -> 0
A30: 2 | B30: I. НЕМАТЕРИЈАЛНИ СРЕДСТВА (003+004+005+006+007+008) | C30: 2 | E30: =E31+E32+E33+E34+E35+E36 -> 0 | F30: =F31+F32+F33+F34+F35+F36 -> 0
A31: 3 | B31: Издатоци за развој | C31: 3 | E31: ='КОНТЕН ПЛАН'!C3-'КОНТЕН ПЛАН'!D12-'КОНТЕН ПЛАН'!D20 -> 0
A32: 4 | B32: Концесии, патенти, лиценци, заштитни знаци и слични права | C32: 4 | E32: ='КОНТЕН ПЛАН'!C7-'КОНТЕН ПЛАН'!D14-'КОНТЕН ПЛАН'!D22+'КОНТЕН ПЛАН'!C8-'КОНТЕН ПЛАН'!D23 -> 0
A33: 5 | B33: Гудвил | C33: 5 | E33: ='КОНТЕН ПЛАН'!C4-'КОНТЕН ПЛАН'!D13-'КОНТЕН ПЛАН'!D21 -> 0
A34: 6 | B34: Аванси за набавка на нематеријални средства | C34: 6 | E34: ='КОНТЕН ПЛАН'!C9-'КОНТЕН ПЛАН'!D16 -> 0
A35: 7 | B35: Нематеријални средства во подготовка | C35: 7 | E35: ='КОНТЕН ПЛАН'!C10-'КОНТЕН ПЛАН'!D17 -> 0
A36: 8 | B36: Останати нематеријални средства | C36: 8 | E36: ='КОНТЕН ПЛАН'!C11-'КОНТЕН ПЛАН'!D24-'КОНТЕН ПЛАН'!D18 -> 0
A37: 9 | B37: II. МАТЕРИЈАЛНИ СРЕДСТВА (010+013+014+015+016+017+018+019) | C37: 9 | E37: =E38+E46+E47+E48+E49+E50+E51+E52 -> 0 | F37: =F38+F46+F47+F48+F49+F50+F51+F38+F52 -> 0
A38: 10 | B38: Недвижности (011+012) | C38: 10 | E38: =E39+E40 -> 0 | F38: =F39+F40 -> 0
A39: 10.а. | B39: Земјиште | C39: 11 | E39: ='КОНТЕН ПЛАН'!C28-'КОНТЕН ПЛАН'!D37 -> 0
A40: 10.б. | B40: Градежни објекти | C40: 12 | E40: ='КОНТЕН ПЛАН'!C29-'КОНТЕН ПЛАН'!D38-'КОНТЕН ПЛАН'!D48 -> 0
A41: Ред. Бр | B41: ПОЗИЦИЈА | C41: Ознака на АОП | D41: Број на белешка | E41: Износ
E42: Тековна година | F42: Претходна година
A45: 1 | B45: 2 | C45: 3 | D45: 4 | E45: 5 | F45: 6
A46: 11 | B46: Постројки и опрема | C46: 13 | E46: ='КОНТЕН ПЛАН'!C30-'КОНТЕН ПЛАН'!D39-'КОНТЕН ПЛАН'!D49 -> 0
A47: 12 | B47: Транспортни средства | C47: 14 | E47: ='КОНТЕН ПЛАН'!C31-'КОНТЕН ПЛАН'!D40-'КОНТЕН ПЛАН'!D50 -> 0
A48: 13 | B48: Алат, погонски и канцeлариски инвентар и мебел | C48: 15 | E48: ='КОНТЕН ПЛАН'!C32-'КОНТЕН ПЛАН'!D41-'КОНТЕН ПЛАН'!D51 -> 0
A49: 14 | B49: Биолошки средства | C49: 16 | E49: ='КОНТЕН ПЛАН'!C33-'КОНТЕН ПЛАН'!D43-'КОНТЕН ПЛАН'!D52 -> 0
A50: 15 | B50: Аванси за набавка на материјални средства | C50: 17 | E50: ='КОНТЕН ПЛАН'!C36-'КОНТЕН ПЛАН'!D45 -> 0
A51: 16 | B51: Материјални средства во подготовка | C51: 18 | E51: ='КОНТЕН ПЛАН'!C35-'КОНТЕН ПЛАН'!D46 -> 0
A52: 17 | B52: Останати материјални средства | C52: 19 | E52: ='КОНТЕН ПЛАН'!C34-'КОНТЕН ПЛАН'!D44-'КОНТЕН ПЛАН'!D53 -> 0
A53: 18 | B53: III. ВЛОЖУВАЊА ВО НЕДВИЖНОСТИ | C53: 20 | E53: ='КОНТЕН ПЛАН'!C63 -> 0
A54: 19 | B54: IV. ДОЛГОРОЧНИ ФИНАНСИСКИ СРЕДСТВА (022+023+024+025+026+030) | C54: 21 | E54: =E55+E56+E57+E58+E59+E65 -> 0 | F54: =F55+F56+F57+F58+F59+F65 -> 0
A55: 20 | B55: Вложувања во подружници | C55: 22 | E55: ='КОНТЕН ПЛАН'!C64-'КОНТЕН ПЛАН'!D73 -> 0
A56: 21 | B56: Вложувања во придружени друштва и учества во заеднички вложувања | C56: 23 | E56: ='КОНТЕН ПЛАН'!C65-'КОНТЕН ПЛАН'!D74 -> 0
A57: 22 | B57: Побарувања по дадени долгорочни заеми на поврзани друштва | C57: 24 | E57: ='КОНТЕН ПЛАН'!C66-'КОНТЕН ПЛАН'!D75 -> 0
A58: 23 | B58: Побарувања по дадени долгорочни заеми | C58: 25 | E58: ='КОНТЕН ПЛАН'!C67-'КОНТЕН ПЛАН'!D76 -> 0
A59: 24 | B59: Вложувања во долгорочни хартии од вредност (027+028+029) | C59: 26 | E59: =E60+E62+E61 -> 0 | F59: =F60+F62+F61 -> 0
A60: 24.а. | B60: Вложувања во хартии од вредност кои се чуваат до доспевање | C60: 27 | E60: ='КОНТЕН ПЛАН'!C68-'КОНТЕН ПЛАН'!D77 -> 0
A61: 24.б. | B61: Вложувања во хартии од вредност расположиви за продажба | C61: 28 | E61: ='КОНТЕН ПЛАН'!C69-'КОНТЕН ПЛАН'!D78 -> 0
A62: 24.в. | B62: Вложувања во хартии од вредност според објективната вредност преку добивката или загубата | C62: 29 | E62: ='КОНТЕН ПЛАН'!C70-'КОНТЕН ПЛАН'!D79 -> 0
A65: 25 | B65: Останати долгорочни финансиски средства | C65: 30 | E65: ='КОНТЕН ПЛАН'!C71-'КОНТЕН ПЛАН'!D80+'КОНТЕН ПЛАН'!C72-'КОНТЕН ПЛАН'!D81 -> 0
A66: 26 | B66: V. ДОЛГОРОЧНИ ПОБАРУВАЊА (032+033+034) | C66: 31 | E66: =E67+E68+E69 -> 0 | F66: =F67+F68+F69 -> 0
A67: 27 | B67: Побарувања од поврзани друштва | C67: 32 | E67: ='КОНТЕН ПЛАН'!C84-'КОНТЕН ПЛАН'!D92 -> 0
A68: 28 | B68: Побарувања од купувачи | C68: 33 | E68: ='КОНТЕН ПЛАН'!C85-'КОНТЕН ПЛАН'!D93 -> 0
A69: 29 | B69: Останати долгорочни побарувања | C69: 34 | E69: ='КОНТЕН ПЛАН'!C86+'КОНТЕН ПЛАН'!C87+'КОНТЕН ПЛАН'!C88+'КОНТЕН ПЛАН'!C89+'КОНТЕН ПЛАН'!C90+'КОНТЕН ПЛАН'!C91-'КОНТЕН ПЛАН'!D94-'КОНТЕН ПЛАН'!D95-'КОНТЕН ПЛАН'!D96-'КОНТЕН ПЛАН'!D97-'КОНТЕН ПЛАН'!D98 -> 0
A70: 30 | B70: VI. ОДЛОЖЕНИ ДАНОЧНИ СРЕДСТВА | C70: 35 | E70: ='КОНТЕН ПЛАН'!C102 -> 0
A71: Ред. Бр | B71: ПОЗИЦИЈА | C71: Ознака на АОП | D71: Број на белешка | E71: Износ
E72: Тековна година | F72: Претходна година
A75: 1 | B75: 2 | C75: 3 | D75: 4 | E75: 5 | F75: 6
A76: 31 | B76: Б.ТЕКОВНИ СРЕДСТВА (037+045+052+059) | C76: 36 | E76: =E77+E87+E94+E106 -> 0 | F76: =F77+F87+F94+F106 -> 0
A77: 32 | B77: I. ЗАЛИХИ (038+039+040+041+042+043) | C77: 37 | E77: =E78+E79+E80+E81+E82+E83 -> 0 | F77: =F78+F79+F80+F81+F82+F83 -> 0
A78: 33 | B78: Залихи на суровини и материјали | C78: 38 | E78: ='КОНТЕН ПЛАН'!C276-'КОНТЕН ПЛАН'!D279-'КОНТЕН ПЛАН'!D280+'КОНТЕН ПЛАН'!C277+'КОНТЕН ПЛАН'!C278 -> 0
A79: 34 | B79: Залихи на резервни делови, ситен инвентар, амбалажа и автогуми | C79: 39 | E79: ='КОНТЕН ПЛАН'!C285+'КОНТЕН ПЛАН'!C294-'КОНТЕН ПЛАН'!D292-'КОНТЕН ПЛАН'!D293 -> 0
A80: 35 | B80: Залихи на недовршени производи и полупроизводи | C80: 40 | E80: ='КОНТЕН ПЛАН'!C392 -> 0
A81: 36 | B81: Залихи на готови производи | C81: 41 | E81: ='КОНТЕН ПЛАН'!C406 -> 0
A82: 37 | B82: Залихи на трговски стоки | C82: 42 | E82: ='КОНТЕН ПЛАН'!C422 -> 0
A83: 38 | B83: Залихи на биолошки средства | C83: 43 | E83: ='КОНТЕН ПЛАН'!C396 -> 0
A84: 39 | B84: II. СРЕДСТВА (ИЛИ ГРУПИ ЗА ОТУЃУВАЊЕ НАМЕНЕТИ ЗА ПРОДАЖБА И ПРЕКИНАТИ РАБОТЕЊА | C84: 44 | E84: ='КОНТЕН ПЛАН'!C431 -> 0
A87: 40 | B87: III. КРАТКОРОЧНИ ПОБАРУВАЊА (046+047+048+049+050+051) | C87: 45 | E87: =E88+E89+E90+E91+E92+E93 -> 0 | F87: =F88+F89+F90+F91+F92+F93 -> 0
A88: 41 | B88: Побарувања од поврзани друштва | C88: 46 | E88: ='КОНТЕН ПЛАН'!C115+'КОНТЕН ПЛАН'!C116+'КОНТЕН ПЛАН'!C117+'КОНТЕН ПЛАН'!C118+'КОНТЕН ПЛАН'!C119+'КОНТЕН ПЛАН'!C120+'КОНТЕН ПЛАН'!C121+'КОНТЕН ПЛАН'!C122-'КОНТЕН ПЛАН'!D123 -> 0
A89: 42 | B89: Побарувања од купувачи | C89: 47 | E89: ='КОНТЕН ПЛАН'!C125+'КОНТЕН ПЛАН'!C126+'КОНТЕН ПЛАН'!C129+'КОНТЕН ПЛАН'!C130+'КОНТЕН ПЛАН'!C131+'КОНТЕН ПЛАН'!C132-'КОНТЕН ПЛАН'!D134 -> 0
A90: 43 | B90: Побарувања за дадени аванси на добавувачи | C90: 48 | E90: ='КОНТЕН ПЛАН'!C127+'КОНТЕН ПЛАН'!C128-'КОНТЕН ПЛАН'!D133 -> 0
A91: 44 | B91: Побарувања од државата по основ на даноци, продонеси, царина, акцизи и останати давачки | C91: 49 | E91: ='КОНТЕН ПЛАН'!C146 -> 0
A92: 45 | B92: Побарувања од вработените | C92: 50 | E92: ='КОНТЕН ПЛАН'!C151 -> 0
A93: 46 | B93: Останати краткорочни побарувања | C93: 51 | E93: ='КОНТЕН ПЛАН'!C160 -> 0
A94: 47 | B94: IV. КРАТКОРОЧНИ ФИНАНСИСКИ СРЕДСТВА (053+056+057+058) | C94: 52 | E94: =E95+E98+E99+E100 -> 0 | F94: =F95+F98+F99+F100 -> 0
A95: 48 | B95: Вложувања во хартии од вредност (054+055) | C95: 53 | E95: =E96+E97 -> 0 | F95: =F96+F97 -> 0
A96: 48.а. | B96: Вложувања кои се чуваат до доспевање | C96: 54 | E96: ='КОНТЕН ПЛАН'!C165-'КОНТЕН ПЛАН'!D174 -> 0
A97: 48.б. | B97: Вложувања според објективната вредност преку добивката или загубата | C97: 55 | E97: ='КОНТЕН ПЛАН'!C166-'КОНТЕН ПЛАН'!D175 -> 0
A98: 49 | B98: Побарувања по дадени заеми на поврзани друштва | C98: 56 | E98: ='КОНТЕН ПЛАН'!C161+'КОНТЕН ПЛАН'!C162-'КОНТЕН ПЛАН'!D170-'КОНТЕН ПЛАН'!D171 -> 0
A99: 50 | B99: Побарувања по дадени заеми | C99: 57 | E99: ='КОНТЕН ПЛАН'!C163+'КОНТЕН ПЛАН'!C164-'КОНТЕН ПЛАН'!D172-'КОНТЕН ПЛАН'!D173 -> 0
A100: 51 | B100: Останати краткорочни финансиски средства | C100: 58 | E100: ='КОНТЕН ПЛАН'!C167+'КОНТЕН ПЛАН'!C168+'КОНТЕН ПЛАН'!C169-'КОНТЕН ПЛАН'!D176-'КОНТЕН ПЛАН'!D177-'КОНТЕН ПЛАН'!D178 -> 0
A101: Ред. Бр | B101: ПОЗИЦИЈА | C101: Ознака на АОП | D101: Број на белешка | E101: Износ
E102: Тековна година | F102: Претходна година
A105: 1 | B105: 2 | C105: 3 | D105: 4 | E105: 5 | F105: 6
A106: 52 | B106: V. ПАРИЧНИ СРЕДСТВА И ПАРИЧНИ ЕКВИВАЛЕНТИ (060+061) | C106: 59 | E106: =E107+E108 -> 0 | F106: =F107+F108 -> 0
A107: 52.a. | B107: Парични средства | C107: 60 | E107: ='КОНТЕН ПЛАН'!C104+'КОНТЕН ПЛАН'!C105+'КОНТЕН ПЛАН'!C106+'КОНТЕН ПЛАН'!C107+'КОНТЕН ПЛАН'!C108+'КОНТЕН ПЛАН'!C109+'КОНТЕН ПЛАН'!C112 -> 0
A108: 52.б. | B108: Парични еквиваленти | C108: 61 | E108: ='КОНТЕН ПЛАН'!C110+'КОНТЕН ПЛАН'!C111-'КОНТЕН ПЛАН'!D113 -> 0
A109: 53 | B109: VI.ПЛАТЕНИ ТРОШОЦИ ЗА ИДНИТЕ ПЕРИОДИ И ПРЕСМЕТАНИ ПРИХОДИ (АВР) | C109: 62 | E109: ='КОНТЕН ПЛАН'!C188 -> 0
A111: 54 | B111: ВКУПНА АКТИВА: СРЕДСТВА (001+035+036+044+062) | C111: 63 | E111: =E27+E70+E76+E84+E109 -> 0 | F111: =F27+F70+F76+F84+F109 -> 0
A112: 55 | B112: В. ВОНБИЛАНСНА ЕВИДЕНЦИЈА – АКТИВА | C112: 64 | E112: ='КОНТЕН ПЛАН'!C570 -> 0
A113: 56 | B113: ПАСИВА: А.ГЛАВНИНА И РЕЗЕРВИ (066+067-068-069+070+071+075+076+077-078) | C113: 65 | E113: =E116+E117-E118-E119+E120+E121+E125-E126+E127-E128 -> 0 | F113: =F116+F117-F118-F119+F120+F121+F125-F126+F127-F128 -> 0
A116: 57 | B116: I. ОСНОВНА ГЛАВНИНА | C116: 66 | E116: ='КОНТЕН ПЛАН'!D537 -> 0
A117: 58 | B117: II.ПРЕМИИ НА ЕМИТИРАНИ АКЦИИ | C117: 67 | E117: ='КОНТЕН ПЛАН'!D544 -> 0
A118: 59 | B118: III.СОПСТВЕНИ АКЦИИ (-) | C118: 68 | E118: ='КОНТЕН ПЛАН'!D539 -> 0
A119: 60 | B119: IV. ЗАПИШАН, НЕУПЛАТЕН КАПИТАЛ (-) | C119: 69 | E119: ='КОНТЕН ПЛАН'!D538 -> 0
A120: 61 | B120: V. РЕВАЛОРИЗАЦИСКА РЕЗЕРВА И РАЗЛИКИ ОД ВРЕДНУВАЊЕ НА КОМПОНЕНТИ НА ОСТАНАТА СЕОПФАТНА ДОБИВКА | C120: 70 | E120: ='КОНТЕН ПЛАН'!D551 -> 0
A121: 62 | B121: XIV. РЕЗЕРВИ (072+073+074) | C121: 71 | E121: =E122+E123+E124 -> 0 | F121: =F122+F123+F124 -> 0
A122: 63 | B122: Законски резерви | C122: 72 | E122: ='КОНТЕН ПЛАН'!D552 -> 0
A123: 64 | B123: Статутарни резерви | C123: 73 | E123: ='КОНТЕН ПЛАН'!D553 -> 0
A124: 65 | B124: Останати резерви | C124: 74 | E124: ='КОНТЕН ПЛАН'!D554 -> 0
A125: 66 | B125: XV. АКУМУЛИРАНА ДОБИВКА | C125: 75 | E125: ='КОНТЕН ПЛАН'!D556+'КОНТЕН ПЛАН'!D558 -> 0
A126: 67 | B126: XVI. ПРЕНЕСЕНА ЗАГУБА (-) | C126: 76 | E126: ='КОНТЕН ПЛАН'!C560 -> 0
A127: 68 | B127: XVII. ДОБИВКА ЗА ДЕЛОВНАТА ГОДИНА | C127: 77 | E127: ='КОНТЕН ПЛАН'!D557 -> 0
A128: 69 | B128: XVIII. ЗАГУБА ЗА ДЕЛОВНАТА ГОДИНА | C128: 78 | E128: ='КОНТЕН ПЛАН'!C561 -> 0
A129: 70 | B129: XIX. ГЛАВНИНА НА СОПСТВЕНИЦИТЕ НА МАТИЧНОТО ДРУШТВО | C129: 79
A130: 71 | B130: XX. НЕКОНТРОЛИРАНО УЧЕСТВО | C130: 80 | E130: ='КОНТЕН ПЛАН'!D564 -> 0
A131: Ред. Бр | B131: ПОЗИЦИЈА | C131: Ознака на АОП | D131: Број на белешка | E131: Износ
...

Sheet БУ
F1: ПРИЛОГ 2
B13: Назив на друштвото | C13: ='ОСНОВНИ ПОДАТОЦИ ЗА ДРУШТВОТО'!C8:O8 -> ТЕСТ ДОО Скопје
B14: Адреса, седиште и телефон | C14: ='ОСНОВНИ ПОДАТОЦИ ЗА ДРУШТВОТО'!C9:O9 -> 0
B15: Адреса за е-пошта | C15: ='ОСНОВНИ ПОДАТОЦИ ЗА ДРУШТВОТО'!C12:O12 -> test@gmail.com
B16: Единствен даночен број | C16: ='ОСНОВНИ ПОДАТОЦИ ЗА ДРУШТВОТО'!C5:O5 -> 0
A17: БИЛАНС НА УСПЕХ | B17: БИЛАНС НА УСПЕХ
A18: (ИЗВЕШТАЈ ЗА ДОБИВКА ИЛИ ЗАГУБА)
B20: за периодот од 01.01.2025 до 31.12.2025
F22: (во денари)
A23: Ред. Број | B23: П О З И Ц И Ј А | C23: Ознака на АОП | D23: Број на белешка | E23: Износ
E25: Тековна година | F25: Претходна година
A28: 1 | B28: 2 | C28: 3 | D28: 4 | E28: 5 | F28: 6
A29: 1 | B29: I. ПРИХОДИ ОД РАБОТЕЊЕТО (202+203+206) | C29: 201 | E29: =E30+E31+E37 -> 0 | F29: =F30+F31+F37 -> 0
A30: 2 | B30: Приходи од продажба | C30: 202 | E30: ='КОНТЕН ПЛАН'!D442+'КОНТЕН ПЛАН'!D453-'КОНТЕН ПЛАН'!D448 -> 0
A31: 3 | B31: Останати приходи | C31: 203 | E31: ='КОНТЕН ПЛАН'!D463+'КОНТЕН ПЛАН'!D474 -> 0
A32: 3 | B32: Останати приходи | C32: 203
A33: 4 | B33: Промена на вредноста на залихи на готови производи и на недовршено производство | C33: XXX | D33: XXX
A35: 4.а. | B35: Залихи на готови производи и на недовршено производство на почетокот на годината | C35: 204 | E35: ='КОНТЕН ПЛАН'!G4 -> 0
A36: 4.б. | B36: Залихи на готовите производи и на недовршено производство на крајот на годината | C36: 205 | E36: ='КОНТЕН ПЛАН'!G5 -> 0
A37: 5 | B37: Капитализирано сопствено производство и услуги | C37: 206 | E37: ='КОНТЕН ПЛАН'!D448 -> 0
A38: 6 | B38: II. РАСХОДИ ОД РАБОТЕЊЕТО (208+209+210+211+212+213+218+219+220+221+222) | C38: 207 | E38: =E39+E40+E41+E42+E43+E44+E55+E56+E57+E58+E59 -> 0 | F38: =F39+F40+F41+F42+F43+F44+F55+F56+F57+F58+F59 -> 0
A39: 7 | B39: Трошоци за суровини и други материјали | C39: 208 | E39: ='КОНТЕН ПЛАН'!C306 -> 0
A40: 8 | B40: Набавна вредност на продадени стоки | C40: 209 | E40: ='КОНТЕН ПЛАН'!C434+'КОНТЕН ПЛАН'!C435 -> 0
A41: 9 | B41: Набавна вредност на продадени материјали, резервни делови, ситен инвентар, амбалажа и автогуми | C41: 210 | E41: ='КОНТЕН ПЛАН'!C436 -> 0
A42: 10 | B42: Услуги со карактер на материјални трошоци | C42: 211 | E42: ='КОНТЕН ПЛАН'!C316 -> 0
A43: 11 | B43: Останати трошоци од работењето | C43: 212 | E43: ='КОНТЕН ПЛАН'!C339+'КОНТЕН ПЛАН'!C340+'КОНТЕН ПЛАН'!C341+'КОНТЕН ПЛАН'!C343+'КОНТЕН ПЛАН'!C344+'КОНТЕН ПЛАН'!C345+'КОНТЕН ПЛАН'!C346 -> 0
A44: 12 | B44: Трошоци за вработени (214+215+216+217) | C44: 213 | E44: =E45+E52+E53+E54 -> 0 | F44: =F45+F52+F53+F54 -> 0
A45: 12.a. | B45: Плати и надоместоци на плата (нето) | C45: 214 | E45: ='КОНТЕН ПЛАН'!C320 -> 0
A46: Ред. Број | B46: П О З И Ц И Ј А | C46: Ознака на АОП | D46: Број на белешка | E46: Износ
E48: Тековна година | F48: Претходна година
A51: 1 | B51: 2 | C51: 3 | D51: 4 | E51: 5 | F51: 6
A52: 12.б. | B52: Трошоци за даноци на плати и надоместоци на плата | C52: 215 | E52: ='КОНТЕН ПЛАН'!C321 -> 0
A53: 12.в. | B53: Придонеси од задолжително социјално осигурување | C53: 216 | E53: ='КОНТЕН ПЛАН'!C322+'КОНТЕН ПЛАН'!C323 -> 0
A54: 12.г. | B54: Останати трошоци за вработените | C54: 217 | E54: ='КОНТЕН ПЛАН'!C319+'КОНТЕН ПЛАН'!C336+'КОНТЕН ПЛАН'!C337+'КОНТЕН ПЛАН'!C342 -> 0
A55: 13 | B55: Амортизација на материјалните и нематеријалните средства | C55: 218 | E55: ='КОНТЕН ПЛАН'!C326+'КОНТЕН ПЛАН'!C327+'КОНТЕН ПЛАН'!C328 -> 0
A56: 14 | B56: Вредносно усогласување (обезвреднување) на нетековни средства | C56: 219 | E56: ='КОНТЕН ПЛАН'!C348+'КОНТЕН ПЛАН'!C349+'КОНТЕН ПЛАН'!C350+'КОНТЕН ПЛАН'!C351+'КОНТЕН ПЛАН'!C352+'КОНТЕН ПЛАН'!C355 -> 0
A57: 15 | B57: Вредносно усогласување (обезвреднување) на тековни средства | C57: 220 | E57: ='КОНТЕН ПЛАН'!C353+'КОНТЕН ПЛАН'!C354+'КОНТЕН ПЛАН'!C356 -> 0
A58: 16 | B58: Резервирања за трошоци и ризици | C58: 221 | E58: ='КОНТЕН ПЛАН'!C329+'КОНТЕН ПЛАН'!C330+'КОНТЕН ПЛАН'!C331+'КОНТЕН ПЛАН'!C332+'КОНТЕН ПЛАН'!C333+'КОНТЕН ПЛАН'!C334 -> 0
A59: 17 | B59: Останати расходи од работењето | C59: 222 | E59: ='КОНТЕН ПЛАН'!C368 -> 0
A60: 18 | B60: III. ФИНАНСИСКИ ПРИХОДИ (224+229+230+231+232+233) | C60: 223 | E60: =E61+E66+E67+E68+E69+E70 -> 0 | F60: =F61+F66+F67+F68+F69+F70 -> 0
A61: 19 | B61: Финансиски приходи од односи со поврзани друштва (225+226+227+228) | C61: 224 | E61: =E62+E63+E64+E65 -> 0 | F61: =F62+F63+F64+F65 -> 0
A62: 19.а. | B62: Приходи од вложувања во поврзани друштва | C62: 225 | E62: ='КОНТЕН ПЛАН'!D478 -> 0
A63: 19.б. | B63: Приходи по основ на камати од работење со поврзани друштва | C63: 226 | E63: ='КОНТЕН ПЛАН'!D475 -> 0
A64: 19.в. | B64: Приходи по основ на курсни разлики од работење со поврзани друштва | C64: 227 | E64: ='КОНТЕН ПЛАН'!D476 -> 0
A65: 19.г. | B65: Останати финансиски приходи од работење со поврзани друштва | C65: 228 | E65: ='КОНТЕН ПЛАН'!D477 -> 0
A66: 20 | B66: Приходи од вложувања во неповрзани друштва | C66: 229 | E66: ='КОНТЕН ПЛАН'!D481 -> 0
A67: 21 | B67: Приходи по основ на камати од работење со неповрзани друштва | C67: 230 | E67: ='КОНТЕН ПЛАН'!D479 -> 0
A68: 22 | B68: Приходи по основ на курсни разлики од работење со неповрзани друштва | C68: 231 | E68: ='КОНТЕН ПЛАН'!D480 -> 0
A69: 23 | B69: Нереализирани добивки (приходи) од финансиски средства | C69: 232 | E69: ='КОНТЕН ПЛАН'!D482 -> 0
A70: 24 | B70: Останати финансиски приходи | C70: 233 | E70: ='КОНТЕН ПЛАН'!D483 -> 0
A71: 25 | B71: IV. ФИНАНСИСКИ РАСХОДИ (235+239+240+241+242+243) | C71: 234 | E71: =E72+E76+E77+E84+E85+E86 -> 0 | F71: =F72+F76+F77+F84+F85+F86 -> 0
A72: 26 | B72: Финансиски расходи од односи со поврзани друштва (236+237+238) | C72: 235 | E72: =E73+E74+E75 -> 0 | F72: =F73+F74+F75 -> 0
A73: 26.а. | B73: Расходи по основ на камати од работење со поврзани друштва | C73: 236 | E73: ='КОНТЕН ПЛАН'!C369 -> 0
A74: 26.б. | B74: Расходи по основ на курсни разлики од работење со поврзани друштва | C74: 237 | E74: ='КОНТЕН ПЛАН'!C370 -> 0
A75: 26.в. | B75: Останати финансиски расходи од поврзани друштва | C75: 238 | E75: ='КОНТЕН ПЛАН'!C371 -> 0
A76: 27 | B76: Расходи по основ на камати од работење со неповрзани друштва | C76: 239 | E76: ='КОНТЕН ПЛАН'!C372 -> 0
A77: 28 | B77: Расходи по основ на курсни разлики од работење со неповрзани друштва | C77: 240 | E77: ='КОНТЕН ПЛАН'!C373 -> 0
A78: Ред. Број | B78: П О З И Ц И Ј А | C78: Ознака на АОП | D78: Број на белешка | E78: Износ
E80: Тековна година | F80: Претходна година
A83: 1 | B83: 2 | C83: 3 | D83: 4 | E83: 5 | F83: 6
A84: 29 | B84: Нереализирани загуби (расходи) од финансиски средства | C84: 241 | E84: ='КОНТЕН ПЛАН'!C375 -> 0
A85: 30 | B85: Вредносно усогласување на финансиски средства и вложувања | C85: 242 | E85: ='КОНТЕН ПЛАН'!C374 -> 0
A86: 31 | B86: Останати финансиски расходи | C86: 243 | E86: ='КОНТЕН ПЛАН'!C376 -> 0
A87: 32 | B87: Удел во добивката на придружените друштва | C87: 244 | E87: ='КОНТЕН ПЛАН'!D485 -> 0
A88: 33 | B88: Удел во загубата на придружените друштва | C88: 245 | E88: ='КОНТЕН ПЛАН'!C378 -> 0
A89: 34 | B89: Добивка од редовното работење (201+ 223+244) – (204-205+207+234+245) | C89: 246 | E89: ='КОНТЕН ПЛАН'!D493 -> 0
A90: 35 | B90: Загуба од редовното работење (204-205+207+234+245) – (201+ 223+244) | C90: 247 | E90: ='КОНТЕН ПЛАН'!C493 -> 0
A91: 36 | B91: Нето добивка од прекинати работења | C91: 248 | E91: ='КОНТЕН ПЛАН'!D486 -> 0
A92: 37 | B92: Нето загуба од прекинати работења | C92: 249 | E92: ='КОНТЕН ПЛАН'!C379 -> 0
A93: 38 | B93: Добивка пред оданочување (246+248) или (246-249) | C93: 250 | E93: ='КОНТЕН ПЛАН'!D491 -> 0
A94: 39 | B94: Загуба пред оданочување (247+249) или (247-248) | C94: 251 | E94: ='КОНТЕН ПЛАН'!C492 -> 0
A95: 40 | B95: Данок на добивка | C95: 252 | E95: ='КОНТЕН ПЛАН'!D494 -> 0
A96: 41 | B96: Одложени даночни приходи | C96: 253 | E96: ='КОНТЕН ПЛАН'!D495 -> 0 | G96: ,
A97: 42 | B97: Одложени даночни расходи | C97: 254 | E97: ='КОНТЕН ПЛАН'!C496 -> 0
A98: 43 | B98: НЕТО ДОБИВКА ЗА ДЕЛОВНАТА ГОДИНА (250-252+253-254) | C98: 255 | E98: ='КОНТЕН ПЛАН'!D499 -> 0
A99: 44 | B99: НЕТО ЗАГУБА ЗА ДЕЛОВНАТА ГОДИНА (251+252-253+254) | C99: 256 | E99: ='КОНТЕН ПЛАН'!C500 -> 0
A100: 45 | B100: Просечен број на вработени врз основа на часови на работа во пресметковниот период (во апсолутен износ) | C100: 257 | E100: ='ОСНОВНИ ПОДАТОЦИ ЗА ДРУШТВОТО'!C15 -> 15
A101: 46 | B101: Број на месеци на работење (во апсолутен износ) | C101: 258 | E101: ='ОСНОВНИ ПОДАТОЦИ ЗА ДРУШТВОТО'!C14 -> 12
A103: 47 | B103: ДОБИВКА/ЗАГУБА ЗА ПЕРИОДОТ | C103: 259 | E103: =IF(E98-E99>0,E98+E99,E98-E99) -> 0 | F103: =IF(F98-F99>0,F98-F99,F98+F99) -> 0
A104: 47.а. | B104: Добивка која им припаѓа на имателите на акции на матичното друштво | C104: 260 | E104: ='КОНТЕН ПЛАН'!D502 -> 0
A105: 47.б. | B105: Добивка која припаѓа на неконтролираното учество | C105: 261 | E105: ='КОНТЕН ПЛАН'!D503 -> 0
A106: 47.в. | B106: Загуба која се однесува на имателите на акции на матичното друштво | C106: 262 | E106: ='КОНТЕН ПЛАН'!C504 -> 0
A107: 47.г. | B107: Загуба која се однесува на неконтролираното учество | C107: 263 | E107: ='КОНТЕН ПЛАН'!C505 -> 0
A108: 48 | B108: ЗАРАБОТУВАЧКА ПО АКЦИЈА | C108: 264
A109: 48.а. | B109: Вкупна основна заработувачка по акција | C109: 265
A110: 48.б. | B110: Вкупна разводнета заработувачка по акција | C110: 266
A111: 48.в. | B111: Основна заработувачка по акција од прекинато работење | C111: 267
A112: 48.г. | B112: Разводнета заработувачка по акција од прекинато работење | C112: 268
B114: ИЗВЕШТАЈ ЗА ОСТАНАТА СЕОПФАТНА ДОБИВКА
B115: за периодот од 01.01.2025 до 31.12.2025
A117: Ред. Број | B117: П О З И Ц И Ј А | C117: Ознака на АОП | D117: Број на белешка | E117: Износ
E119: Тековна година | F119: Претходна година
A121: 1 | B121: 2 | C121: 3 | D121: 4 | E121: 5 | F121: 6
A122: 1 | B122: Добивка за годината | C122: 269 | E122: =E98 -> 0 | F122: =F98 -> 0
A123: 2 | B123: Загуба за годината | C123: 270 | E123: =E99 -> 0 | F123: =F99 -> 0
A124: 3 | B124: Останата сеопфатна добивка (273+275+277+279+281+283) - (274+276+278+280+282+284) | C124: 271 | E124: =(E126+E128+E130+E132+E134+E136)-(E127+E129+E131+E133+E135+E137) -> 0 | F124: =(F126+F128+F130+F132+F134+F136)-(F127+F129+F131+F133+F135+F137) -> 0
A125: 4 | B125: Останата сеопфатна загуба (274+276+278+280+282+284) - (273+275+277+279+281+283) | C125: 272 | E125: =(E127+E129+E131+E133+E135+E137)-(E126+E128+E130+E132+E134+E136) -> 0 | F125: =(F127+F129+F131+F133+F135+F137)-(F126+F128+F130+F132+F134+F136) -> 0
A126: 5 | B126: Добивки кои произлегуваат од преведување на странско работење | C126: =C125+1 -> 273
A127: 6 | B127: Загуби кои произлегуваат од преведување на странско работење | C127: 274
A128: 7 | B128: Добивки од повторно мерење на финансиски средства расположиви за продажба | C128: 275
...

Sheet СПД
V1: Sifra | W1: ADB | X1: Res
V2: 1.11 | W2: 4000 | X2: =VLOOKUP(VALUE(A64), $V$2:$W$620, 2, FALSE) -> 4512
V3: 1.12 | W3: 4001
V4: 1.13 | W4: 4002
V5: 1.14 | W5: 4003
V6: 1.15 | W6: 4004
V7: 1.16 | W7: 4005
V8: 1.19 | W8: 4006
V9: 1.21 | W9: 4007
V10: 1.22 | W10: 4008
B11: Назив на друштвото | C11: ='ОСНОВНИ ПОДАТОЦИ ЗА ДРУШТВОТО'!C8:O8 -> ТЕСТ ДОО Скопје | V11: 1.23 | W11: 4009
B12: Адреса, седиште и телефон | C12: ='ОСНОВНИ ПОДАТОЦИ ЗА ДРУШТВОТО'!C9:O9 -> 0 | V12: 1.24 | W12: 4010
B13: Адреса за е-пошта | C13: ='ОСНОВНИ ПОДАТОЦИ ЗА ДРУШТВОТО'!C12:O12 -> test@gmail.com | V13: 1.25 | W13: 4011
B14: Единствен даночен број | C14: ='ОСНОВНИ ПОДАТОЦИ ЗА ДРУШТВОТО'!C5:O5 -> 0 | V14: 1.26 | W14: 4012
V15: 1.27 | W15: 4013
A16: 100000 | B16: =D57 -> 0 | V16: 1.28 | W16: 4014
V17: 1.29 | W17: 4015
C18: СТРУКТУРА НА ПРИХОДИ ПО ДЕЈНОСТИ (СПД–РЕКАПИТУЛАР) | V18: 1.3 | W18: 4016
C19: за периодот од 01.01.2025 до 31.12.2025 | V19: 1.41 | W19: 4017
V20: 1.42 | W20: 4018
A21: НКД (Национална класификација на дејности) | D21: Остварени приходи ( во денари) | V21: 1.43 | W21: 4019
V22: 1.44 | W22: 4020
V23: 1.45 | W23: 4021
V24: 1.46 | W24: 4022
V25: 1.47 | W25: 4023
V26: 1.48 | W26: 4024
A27: Ред. Бр | B27: Класа1 | C27: Назив2 | V27: 1.5 | W27: 4025
V28: 1.61 | W28: 4026
V29: 1.62 | W29: 4027
A30: 1 | B30: =БУ!C149 -> 69.2 | C30: ='ОСНОВНИ ПОДАТОЦИ ЗА ДРУШТВОТО'!C17:O17 -> Сметководствени, книговодствени и ревизорски работи; даночно советување | D30: =БУ!E29+БУ!E60 -> 0 | V30: 1.63 | W30: 4028
A31: 2 | V31: 1.7 | W31: 4029
A32: 3 | V32: 2.1 | W32: 4030
A33: 4 | V33: 2.2 | W33: 4031
A34: 5 | V34: 2.3 | W34: 4032
A35: 6 | V35: 2.4 | W35: 4033
A36: 7 | V36: 3.11 | W36: 4034
A37: 8 | V37: 3.12 | W37: 4035
A38: 9 | V38: 3.21 | W38: 4036
A39: 10 | V39: 3.22 | W39: 4037
A40: 11 | V40: 3.3 | W40: 4038
A41: 12 | V41: 5.1 | W41: 4039
A42: 13 | V42: 5.2 | W42: 4040
... A47: 18 | V47: 7.29 | W47: 4045
V48: 8.11 | W48: 4046
A49: 19 | V49: 8.12 | W49: 4047
V50: 8.91 | W50: 4048
A51: 20 | V51: 8.92 | W51: 4049
V52: 8.93 | W52: 4050
A53: 21 | V53: 8.99 | W53: 4051
V54: 9.1 | W54: 4052
A55: 22 | V55: 9.9 | W55: 4053
V56: 10.11 | W56: 4054
B57: ВКУПНО ПРИХОДИ | D57: =БУ!E29+БУ!E60+БУ!E87 -> 0 | V57: 10.12 | W57: 4055
B58: (Збир од АОП 201+ 223+244 од Билансот на успех) | V58: 10.13 | W58: 4056
V59: 10.2 | W59: 4057
A60: 1)Во колоната за „Класа“ се внесува нумеричка ознака за класа согласно НКД за дејноста од која субјектот остварува приход. | V60: 10.31 | W60: 4058
A61: 2)Во колоната „Назив“ се внесува описно називот на дејноста според НКД од која субјектот остварува приход. | V61: 10.32 | W61: 4059
A62: 3)Во колоната „Остварени приходи“ се внесува износот на остварени приходи по дејности. | V62: 10.39 | W62: 4060
A63: РЕГИСТРИРАНА ПРЕТЕЖНА ДЕЈНОСТ (Со назначување на шифра и назив на класа на дејноста утврдена со НКД) | V63: 10.41 | W63: 4061
A64: =БУ!C149 -> 69.2 | V64: 10.42 | W64: 4062
V65: 10.51 | W65: 4063
A66: ОСТВАРЕНИ ПРИХОДИ ПРЕТЕЖНО ОД | C66: ='ОСНОВНИ ПОДАТОЦИ ЗА ДРУШТВОТО'!C17:O17 -> Сметководствени, книговодствени и ревизорски работи; даночно советување | D66: ДЕЈНОСТ- | V66: 10.52 | W66: 4064
A67: =БУ!C149 -> 69.2 | V67: 10.61 | W67: 4065
A68: (Со назначување на шифра и назив на класа на дејноста утврдена со НКД) | V68: 10.62 | W68: 4066
A69: Лице одговорно за составување на образецот: | V69: 10.71 | W69: 4067
A70: Име и презиме | C70: ='ОСНОВНИ ПОДАТОЦИ ЗА ДРУШТВОТО'!C21:O21 -> 0 | V70: 10.72 | W70: 4068
A71: Број од регистарот на Институтот на сметководители и овластени сметководители на Република Македонија: | C71: ='ОСНОВНИ ПОДАТОЦИ ЗА ДРУШТВОТО'!C22:O22 -> 0 | V71: 10.73 | W71: 4069
A72: Потпис | V72: 10.81 | W72: 4070
A73: Во | B73: =БУ!B156 -> 0 | V73: 10.82 | W73: 4071
A74: На ден | B74: =БУ!B157 -> 31.12.2025 | V74: 10.83 | W74: 4072
A75: Во | B75: =B73 -> 0 | D75: Име и презиме на законски застапник на друштвото: | V75: 10.84 | W75: 4073
A76: На ден | B76: =B74 -> 31.12.2025 | C76: М.П | D76: =БУ!C158 -> 0 | V76: 10.85 | W76: 4074
V77: 10.86 | W77: 4075
C78: Потпис | V78: 10.89 | W78: 4076
V79: 10.91 | W79: 4077
V80: 10.92 | W80: 4078
V81: 11.01 | W81: 4079
V82: 11.02 | W82: 4080
V83: 11.03 | W83: 4081
V84: 11.04 | W84: 4082
V85: 11.05 | W85: 4083
V86: 11.06 | W86: 4084
V87: 11.07 | W87: 4085
V88: 12 | W88: 4086
V89: 13.1 | W89: 4087
V90: 13.2 | W90: 4088
... V655: 99 | W655: 4653

Sheet ДЕ
A1: Образец "ДЕ" | F1: Прилог
B10: Назив на друштвото | D10: ='ОСНОВНИ ПОДАТОЦИ ЗА ДРУШТВОТО'!C8 -> ТЕСТ ДОО Скопје
B11: Адреса, седиште и телефон | D11: ='ОСНОВНИ ПОДАТОЦИ ЗА ДРУШТВОТО'!C9 -> 0
B12: Адреса за е-пошта | D12: ='ОСНОВНИ ПОДАТОЦИ ЗА ДРУШТВОТО'!C12:O12 -> 0
B13: Единствен даночен број | D13: ='ОСНОВНИ ПОДАТОЦИ ЗА ДРУШТВОТО'!C5 -> 0
C15: ПОСЕБНИ ПОДАТОЦИ
C16: за државна евиденција за субјектите кои
C17: не применуваат посебни сметковни планови
C18: (големи, средни, мали и микро субјекти)
F20: (во денари)
A21: Ред. Бр. | B21: Група на сметки, сметки | C21: Позиција | D21: Ознака на АОП | E21: Износ
E22: Тековна година | F22: Претходна година
A24: 1 | B24: 2 | C24: 3 | D24: 4 | E24: 5 | F24: 6
C25: А.НЕМАТЕРИЈАЛНИ СРЕДСТВА
A26: 1 | B26: 0 | C26: Набавна вредност на издатоци за развој за сопствени цели (интерен проект) | D26: 601 | E26: ='КОНТЕН ПЛАН'!C3 -> 0
A27: 1.1 | C27: Плата и надоместоци на плата на вработените кои директно работат на развојот на интерен проект | D27: 602
A28: 1.2 | C28: Трошоци за материјали и услуги[1] користени или потрошени при развојот на интерен проект | D28: 603
A29: 2 | C29: Сегашна вредност на издатоци за развој за сопствени цели ( < или = АОП 003 од БС) | D29: 604
A30: Ред. Бр. | B30: Група на сметки, сметки | C30: Позиција | D30: Ознака на АОП | E30: Износ
E31: Тековна година | F31: Претходна година
A33: 1 | B33: 2 | C33: 3 | D33: 4 | E33: 5 | F33: 6
A34: 3 | C34: Сегашна вредност на софтвер со лиценца (< или = АОП 004 од БС) | D34: 605 | E34: ='КОНТЕН ПЛАН'!C8-'КОНТЕН ПЛАН'!D23 -> 0
A35: 4 | C35: Сегашна вредност на компјутерскиот софтвер развиен за сопствена употреба (< или = АОП 004 од БС) | D35: 606
A36: 5 | C36: Сегашна вредност на набавени бази на податоци (< или = АОП 004 од БС) | D36: 607
A37: 6 | C37: Сегашна вредност на бази на податоци развиени за сопствена употреба(< или = АОП 004 од БС) | D37: 608
C38: Б.МАТЕРИЈАЛНИ СРЕДСТВА
A39: 7 | B39: 010д | C39: Земјишта | D39: 609 | E39: ='КОНТЕН ПЛАН'!C28 -> 0
A40: 8 | B40: 014д | C40: Шуми | D40: 610
A41: 9 | C41: Сегашна вредност на станови и станбени згради (< или = АОП 012 од БС) | D41: 611
A42: 10 | C42: Сегашна вредност на градежни објекти од високоградба[2] кои се користат за вршење на дејност (< или = АОП 012 од БС) | D42: 612
A43: 11 | C43: Сегашна вредност на објекти од нискоградба[3] (< или = АОП 012 од БС) | D43: 613
A44: 12 | C44: Сегашна вредност на информациска опрема и телекомуникациска опрема[4] (< или = АОП 013 од БС) | D44: 614
A45: 13 | C45: Сегашна вредност на компјутерска опрема[5] (< или = АОП 013 од БС) | D45: 615
A46: 14 | C46: Сегашна вредност на повеќегодишните насади (< или = АОП 016 од БС) | D46: 616
A47: 15 | C47: Сегашна вредност на основното стадо (< или = АОП 016 од БС) | D47: 617
A48: 16 | B48: 015д | C48: Оригинални уметнички и литературни дела за вршење на дејности од културата и уметноста (< или = АОП 019 од БС) | D48: 618
A50: Ред. Бр. | B50: Група на сметки, сметки | C50: Позиција | D50: Ознака на АОП | E50: Износ
E51: Тековна година | F51: Претходна година
A53: 1 | B53: 2 | C53: 3 | D53: 4 | E53: 5 | F53: 6
A54: 17 | B54: 015д | C54: Книги, слики, вајарски дела, музејски експонати, предмети од архивска граѓа и слично (< или = АОП 019 од БС) | D54: 619
A55: 18 | B55: 015д | C55: Драгоцени метали и камења (< или = АОП 019 од БС) | D55: 620
A56: 19 | B56: 015д | C56: Антиквитети и други уметнички дела (< или = АОП 019 од БС) | D56: 621
A57: 20 | B57: 015д | C57: Други скапоцености (< или = АОП 019 од БС) | D57: 622
A58: 21 | B58: 016 д | C58: Вложувања во природни богатства во подготовка (< или = АОП 018 од БС) | D58: 623
A59: 22 | B59: 016 д | C59: Подобрување на земјиштето (< или = АОП 018 од БС) | D59: 624
C60: В. СРЕДСТВА ВО ЗАЕМИ И КРЕДИТИ со состојба на крај на периодот
A61: 23 | B61: 032д (во земјата), 033д (во земјата), 040д (во земјата), 041д (во земјата), 044д, 045д, 046д, 114д, 125д, 126д, 160, 162, 168д | C61: Заеми и кредити дадени на нефинансиски трговски друштва[6] во приватна и државна сопственост и јавни претпријатија, во земјата[7] (< или = АОП 024+АОП 025+АОП 032+АОП 033+ АОП 034+АОП 046+АОП 047+АОП 056+ АОП 057+АОП 058 од БС) | D61: 625 | E61: ='КОНТЕН ПЛАН'!C161+'КОНТЕН ПЛАН'!C163+'КОНТЕН ПЛАН'!C164 -> 0
C62: Г. ОСТАНАТИ СРЕДСТВА со состојба на крај на периодот
A63: 24 | B63: 005д, 017д, 037д (во земјата), 110, 112, 114д, 116д (во земјата), 118д (закуп), 120д, 122д, 124д (во земјата), 125д, 126д | C63: Побарувања по основ на продажба на стоки и услуги и аванси (краткорочни трговски кредити) дадени на нефинансиски трговски друштва6 во приватна и државна сопственост и јавни претпријатија, во земјата7 (< или = АОП 006+АОП 017+АОП 030+АОП 046+АОП 047+АОП 048 од БС) | D63: 626 | E63: ='КОНТЕН ПЛАН'!C125+'КОНТЕН ПЛАН'!C127 -> 0
A65: Ред. Бр. | B65: Група на сметки, сметки | C65: Позиција | D65: Ознака на АОП | E65: Износ
E66: Тековна година | F66: Претходна година
A68: 1 | B68: 2 | C68: 3 | D68: 4 | E68: 5 | F68: 6
A69: 25 | B69: 037д, 114д, 120д, 122д, 125д, 126д | C69: Побарувања по основ на продажба на стоки и услуги и аванси (краткорочни трговски кредити) дадени на органи на законодавна, извршна и судска власт, ФПИОСМ, ФЗОРСМ, АВРСМ, единици на локална самоуправа и други правни лица финансирани од буџет (< или = АОП 030+АОП 046+АОП 047+АОП 048 од БС) | D69: 627
A70: 26 | B70: 047д, 118д, 127д, 151д, 152д, 153д, 154, 157д, 158д, група 19д | C70: Останати побарувања од нефинансиски трговски друштва6 во приватна и државна сопственост и јавни претпријатија, во земјата7 (< или = АОП 034+ АОП 046+АОП 047+АОП 051+АОП 062 од БС) | D70: 628 | E70: ='КОНТЕН ПЛАН'!C160 -> 0
A71: 27 | B71: 047д, 050, 127д, 130, 131, 132, 133, 134, 135, 136, 137, 138, 151д, 152д, 158д, група 19д | C71: Останати побарувања од органи на законодавна, извршна и судска власт, ФПИОСМ, ФЗОРСМ, АВРСМ, единици на локална самоуправа и други правни лица финансирани од буџет (< или = АОП 034+ АОП 035 +АОП 047+АОП 049+АОП 051+АОП 062 од БС) | D71: 629
A72: 28 | B72: 005, 017, 037, 047, 05, група 11 (без сметка 119), група 12 (без сметка 129), група 13 (без сметка 139), 162д (заеми во производи и стоки),група 14 (без сметка 149), група 15 (без сметка 159), група 19 | C72: Побарувања по основ на продажба на стоки и услуги и аванси (краткорочни трговски кредити) и останати побарувања од сите субјекти во земјата и странство (вкупно) (< или = АОП 006+АОП 017+АОП 030+АОП 034+АОП 035+АОП 046+АОП 047+АОП 049+ АОП 050+АОП 051+АОП 057+АОП 062 од БС) | D72: 630 | E72: ='КОНТЕН ПЛАН'!C124+'КОНТЕН ПЛАН'!C125+'КОНТЕН ПЛАН'!C126+'КОНТЕН ПЛАН'!C127+'КОНТЕН ПЛАН'!C128+'КОНТЕН ПЛАН'!C136+'КОНТЕН ПЛАН'!C137+'КОНТЕН ПЛАН'!C138+'КОНТЕН ПЛАН'!C139+'КОНТЕН ПЛАН'!C140+'КОНТЕН ПЛАН'!C141+'КОНТЕН ПЛАН'!C142+'КОНТЕН ПЛАН'!C143+'КОНТЕН ПЛАН'!C144+'КОНТЕН ПЛАН'!C145+'КОНТЕН ПЛАН'!C151+'КОНТЕН ПЛАН'!C160+'КОНТЕН ПЛАН'!C188 -> 0
A73: Ред. Бр. | B73: Група на сметки, сметки | C73: Позиција | D73: Ознака на АОП | E73: Износ
E74: Тековна година | F74: Претходна година
A76: 1 | B76: 2 | C76: 3 | D76: 4 | E76: 5 | F76: 6
C77: Д. СОПСТВЕНИЧКИ КАПИТАЛ [1]
A78: 29 | B78: 90д | C78: Основна главнина (сопственички капитал) во удели поседувани од други трговски друштва во приватна и државна сопственост и јавни претпријатија регистрирани во земјата7(< или =АОП 065 од БС) | D78: 631
A79: 30 | B79: 90д | C79: Основна главнина (сопственички капитал) во удели поседувани од физички лица, трговци-поединци, занаетчии, земјоделци, самостојни вршители на дејност и непрофитни организации регистрирани во земјата7 (< или = АОП 065 од БС) | D79: 632
A80: 31 | B80: 90д | C80: Основна главнина (сопственички капитал) во удели поседувани од Владата на Република Северна Македонија, ФПИОСМ, ФЗОРСМ, АВРСМ, единици на локална самоуправа и други правни лица финансирани од буџет | D80: 633
C81: Ѓ.ОБВРСКИ ПО ЗАЕМИ И КРЕДИТИ со состојба на крај на периодот
A82: 32 | B82: 214д, 225д, 260, 262д, 266д (кредити), 280д (во земјата), 281д (во земјата), 282, 284д (во земјата), 285д (во земјата), 286д (во земјата) | C82: Обврски по заеми и кредити земени од нефинансиски трговски друштва6 во приватна и државна сопственост и јавни претпријатија, во земјата7 (< или = АОП 086+АОП 087+АОП 088+АОП 089+АОП 090+АОП 096+ АОП 104+ АОП 107+ од БС) | D82: 634 | E82: ='КОНТЕН ПЛАН'!D232+'КОНТЕН ПЛАН'!D234+'КОНТЕН ПЛАН'!D250 -> 0
A84: Ред. Бр. | B84: Група на сметки, сметки | C84: Позиција | D84: Ознака на АОП | E84: Износ
E85: Тековна година | F85: Претходна година
A87: 1 | B87: 2 | C87: 3 | D87: 4 | E87: 5 | F87: 6
C88: Е. ОСТАНАТИ ОБВРСКИ со состојба на крај на периодот
A89: 33 | B89: 210д, 212, 214д, 216д (во земјата), 218д (закуп), 220д, 222д, 224д, 225д, 229д, 253д | C89: Обврски по основ на набавка на стоки и услуги и аванси (краткорочни трговски кредити) примени од нефинансиски трговски друштва6 во приватна и државна сопственост и јавни претпријатија, во земјата7 (< или = АОП 096+АОП 097+АОП 098+ АОП 108+ од БС) | D89: 635 | E89: ='КОНТЕН ПЛАН'!D199+'КОНТЕН ПЛАН'!D201 -> 0
A90: 34 | B90: 214д, 220д, 222д, 224д, 225д, 229д, 253д | C90: Обврски по основ на набавка на стоки и услуги и аванси (краткорочни трговски кредити) примени од органи на законодавна, извршна и судска власт, ФПИОСМ, ФЗОРСМ, АВРСМ, единици на локална самоуправа и други правни лица финансирани од буџет (< или = АОП 096+АОП 097+АОП 098+ АОП 108+ од БС) | D90: 636
A91: 35 | B91: 218д, 254д, 255д, 259д, 269д, 288д, 29д | C91: Останати обврски кон нефинансиски трговски друштва6 во приватна и државна сопственост и јавни претпријатија, во земјата7 (< или = АОП 092+АОП 093+АОП 096+АОП 106+АОП 107+ АОП 108+АОП 109 од БС) | D91: 637
A92: 36 | B92: група 23, 259д, 269д, 288д, 289, 29д | C92: Останати обврски кон органи на законодавна, извршна и судска власт, ФПИОСМ, ФЗОРСМ, АВРСМ, единици на локална самоуправа и други правни лица финансирани од буџет | D92: 638 | E92: ='КОНТЕН ПЛАН'!D207+'КОНТЕН ПЛАН'!D208+'КОНТЕН ПЛАН'!D209+'КОНТЕН ПЛАН'!D210+'КОНТЕН ПЛАН'!D211+'КОНТЕН ПЛАН'!D212+'КОНТЕН ПЛАН'!D213+'КОНТЕН ПЛАН'!D214+'КОНТЕН ПЛАН'!D215 -> 0
A93: 37 | B93: група 21, група 22, група 23, група 24, група 25 (без 256), 269, 288, 289, група 29 | C93: Обврски по основ на трговски кредити, аванси и останати обврски кон сите субјекти во земјата и странство (вкупно) (< или = АОП 092+АОП 093+АОП 094+АОП 096+АОП 097+АОП 098+АОП 099+АОП 100+АОП 101+АОП 107+ АОП 108+АОП 109 од БС) | D93: 639 | E93: ='КОНТЕН ПЛАН'!D198+'КОНТЕН ПЛАН'!D206+'КОНТЕН ПЛАН'!D216+'КОНТЕН ПЛАН'!D222+'КОНТЕН ПЛАН'!D231 -> 0
A94: Ред. Бр. | B94: Група на сметки, сметки | C94: Позиција | D94: Ознака на АОП | E94: Износ
E95: Тековна година | F95: Претходна година
A97: 1 | B97: 2 | C97: 3 | D97: 4 | E97: 5 | F97: 6
C98: Ж. ПРИХОДИ
C99: I. Приходи од продажба
A100: 38 | C100: Приходи од продажба на стоки и услуги (АОП 641+АОП 642) (< или = АОП 202 од БУ) | D100: 640 | E100: =БУ!E30 -> 0
A101: 39 | B101: 73д и 74 д | C101: Приходи од продажба на стоки (< или = АОП 202 од БУ) | D101: 641
A102: 40 | B102: 73д и 74д | C102: Приходи од продажба на услуги (< или = АОП 202 од БУ) | D102: 642
A103: 41 | B103: 730, 740 и 741 | C103: Приходи од продажба на производи, стоки и услуги на домашен пазар (< или = АОП 202 од БУ) | D103: 643 | E103: ='КОНТЕН ПЛАН'!D438+'КОНТЕН ПЛАН'!D443+'КОНТЕН ПЛАН'!D444 -> 0
A104: 42 | B104: 731 и 742 | C104: Приходи од продажба на производи, стоки и услуги на странски пазар (< или = АОП 202 од БУ) | D104: 644 | E104: ='КОНТЕН ПЛАН'!D445+'КОНТЕН ПЛАН'!D439 -> 0
A105: 43 | B105: 731д и 742д | C105: Приходи од продажба на производи, стоки и услуги во држави членки на Европската унија [11] (< или = АОП 202 од БУ) | D105: 645
A106: 44 | B106: 745д | C106: Приходи по основ на употреба на компјутерски софтвер развиен за сопствена употреба (< или = АОП 206 од БУ) | D106: 646 | E106: ='КОНТЕН ПЛАН'!C448 -> 0
A107: 45 | B107: 747 | C107: Приходи од наемнина (< или = АОП 202 од БУ) | D107: 647 | E107: ='КОНТЕН ПЛАН'!D450 -> 0
A108: 46 | B108: 747д | C108: Приходи од наемнина на земјиште (< или = АОП 202 од БУ) | D108: 648
A109: 47 | B109: 748 | C109: Приходи од продажба на добра врз основа на финансиски наем (лизинг) (< или = АОП 202 од БУ) | D109: 649 | E109: ='КОНТЕН ПЛАН'!C451 -> 0
C110: II. Останати приходи
A111: 48 | B111: 760 | C111: Добивки од продажба на нематеријални и материјални средства (< или = АОП 203 од БУ) | D111: 650 | E111: ='КОНТЕН ПЛАН'!C464 -> 0
A112: 49 | B112: 761 | C112: Добивки од продажба на биолошки средства (< или = АОП 203 од БУ) | D112: 651 | E112: ='КОНТЕН ПЛАН'!C465 -> 0
A113: Ред. Бр. | B113: Група на сметки, сметки | C113: Позиција | D113: Ознака на АОП | E113: Износ
E114: Тековна година | F114: Претходна година
A116: 1 | B116: 2 | C116: 3 | D116: 4 | E116: 5 | F116: 6
A117: 50 | B117: 762 | C117: Добивки од продажба на учество во капитал и хартии од вредност (< или = АОП 203од БУ) | D117: 652 | E117: ='КОНТЕН ПЛАН'!C466 -> 0
A118: 51 | B118: 763 | C118: Добивки од продажба на материјали (< или = АОП 203 од БУ) | D118: 653 | E118: ='КОНТЕН ПЛАН'!C467 -> 0
A119: 52 | B119: 764 | C119: Приходи од вишоци (< или = АОП 203 од БУ) | D119: 654 | E119: ='КОНТЕН ПЛАН'!C468 -> 0
A120: 53 | B120: 765 | C120: Наплатени отпишани побарувања и приходи од отпис на обврски (< или = АОП 203 од БУ) | D120: 655 | E120: ='КОНТЕН ПЛАН'!C469 -> 0
A121: 54 | B121: 766 | C121: Приходи врз основа на ефекти од договорена заштита од ризик (< или = АОП 203 од БУ) | D121: 656 | E121: ='КОНТЕН ПЛАН'!C470 -> 0
...

Sheet ОБ
A4: Назив на Друштвото | D4: ='ОСНОВНИ ПОДАТОЦИ ЗА ДРУШТВОТО'!C8 -> ТЕСТ ДОО Скопје
A5: Адреса | D5: ='ОСНОВНИ ПОДАТОЦИ ЗА ДРУШТВОТО'!C9 -> 0
A6: Седиште | D6: ='ОСНОВНИ ПОДАТОЦИ ЗА ДРУШТВОТО'!C10 -> 0
A7: Телефон | D7: ='ОСНОВНИ ПОДАТОЦИ ЗА ДРУШТВОТО'!C11 -> 0
A8: Единствен даночен број | D8: ='ОСНОВНИ ПОДАТОЦИ ЗА ДРУШТВОТО'!C5 -> 0
A11: ОБЈАСНУВАЧКИ БЕЛЕШКИ
C12: за | D12: 2025 | E12: година
A14: 1. ОПШТИ ИНФОРМАЦИИ
A15: Назив на друштвото | D15: ='ОСНОВНИ ПОДАТОЦИ ЗА ДРУШТВОТО'!C8 -> ТЕСТ ДОО Скопје
A17: Форма на друштвото
A19: Број на регистерска влошка во Централниот регистар
A21: Седиште | D21: =D6 -> 0
A23: Промени во регистарската влошка во Трговскиот регистар до периодот на известување
A25: Позначајни дејности кои го извршува | D25: ='ОСНОВНИ ПОДАТОЦИ ЗА ДРУШТВОТО'!C17 -> Сметководствени, книговодствени и ревизорски работи; даночно советување
A27: Идентификација на поврзани субјекти (назив и процентуално учество)
A29: Број на вработени према степен на образование | D29: Основно | F29: Средно | H29: Високо
A32: Сопственичка структура
A34: Други релевантни информации за друштвото
A37: 2.ОСНОВА ЗА ПОДГОТОВКА НА ГОДИШНА СМЕТКА
A38: Изјава за усогласеност (врз основа на кои стандарди е подготвена годишната сметка) | D38: Меѓународни стандарди за финансиско известување за мали и средни субјекти-МСФИ за МСЕ / Меѓународни стандарди за финансиско известување и Меѓународни сметководствени стандарди/, објавени во Правилникот за водење сметководство
A41: Информација дали годишната сметка е поединечна или консолидирана
A43: Валута на презентација
A46: 3.ЗНАЧАЈНИ СМЕТКОВОДСТВЕНИ ПОЛИТИКИ
A47: Краток опис на позначајните сметководствени политики кои се применети во двата пресметковни периоди во годишната сметка (за приходите, расходите, нематеријалните средства, материјалните средства, побарувањата, обврските и друго). | D47: Вреднувањето на средствата и обврските се врши според методот на набавна вредност (историски трошоци), а приходите и расходите се вреднуваат согласно со методот на фактурирана реализација и принципот на судирање.
A54: 4.КОРИСТЕНИ ПРОЦЕНКИ
A55: Применети методи на значајни проценки кои се применети (за нематеријални и материјални средства, приходи, расходи и друго) | D55: Изготвувањето на годишната сметка во согласност со МСФИ бара од Друштвото да употребува проценки и претпоставки кои влијаат на прикажаните износи на средства и обврски и обелоденување на неизвесни средства и обврски на датумот на известување, како и на приходите и трошоците за извештајниот период. Овие проценки и претпоставки се засновани на информациите достапни на датумот на изготвувањето на Извештајот за финансиската состојба. Актуелните резултати можат да се разликуваат од овие проценки. Раководството на Друштвото ја проценува севкупната изложеност на ризик и во случаи кога проценува дека вредноста на средствата според која се евидентирани во сметководството не би можела да биде реализирана, се врши исправка на вредноста. Раководството на Друштвото смета дека искажаните сметководствени износи се највалидни и најкорисни извештајни вредности при постојните пазарни услови.
A61: 5. ПРОМЕНА НА СМЕТКОВОДСТВЕНИ ПОЛИТИКИ И КОРЕКЦИИ НА ГРЕШКИ
A62: Опис на промената или корекцијата (врз основа на кој стандард или друга законска регулатива е настаната промената) за кои позиции на годишната сметка се однесуваат и квантифицирани ефекти од извршената промена или корекција. | D62: Сметководствените политики се применуваат од период до период на конзистентна основа. Сметководствената политика се менува доколку тоа е условено со измена или донесување на МСФИ. По исклучок, промена на сметководствените политики може да се направи доброволно, ако се процени дека новата сметководствена политика води кон подобра презентација на случувањата и позициите во финансиските извештаи. За промените во сметководствените политики одлучува Друштвото.
A70: 6. УПРАВУВАЊЕ СО РИЗИК
A71: Опис на ризикот (кредитен ризик, пазарен ризик, ризик на ликвидност) и користени методи за мерење на ризикот и квантифицирани информации за ризикот. | D71: Управувањето со ризиците на Друштвото опфаќа идентификување, следење, мерење и нивно управување. Поради тоа, Друштвото има воспоставено режим за управување со ризиците на кои е изложено, соодветно на природата, големината и сложеноста на активностите кои ги врши.
A80: 7. НЕМАТЕРИЈАЛНИ СРЕДСТВА
A82: ОПИС | D82: Патенти и лиценци | E82: Гудвил | F82: Софтвер | G82: Останати Средства | H82: Средства во подготовка | I82: Вкупно
A84: Набавна вредност
A85: Салдо на 1 Јануари 2025 | I85: =SUM(D85:H86) -> 0
A86: (тековна година)
A87: Зголемување | I87: =SUM(D87:H87) -> 0
A88: Намалување | I88: =SUM(D88:H88) -> 0
A89: Салдо на 31 Декември 2025 | D89: =D85+D87-D88 -> 0 | E89: =E85+E87-E88 -> 0 | F89: =F85+F87-F88 -> 0 | G89: =G85+G87-G88 -> 0 | H89: =H85+H87-H88 -> 0 | I89: =SUM(D89:H90) -> 0
A90: (тековна година)
A91: Исправка на вредноста
A92: Салдо на 1 Јануари 2025 | I92: =SUM(D92:H93) -> 0
A93: (тековна година)
A94: Амортизација | I94: =SUM(D94:H94) -> 0
A95: Намалување | I95: =SUM(D95:H95) -> 0
A96: Салдо на 31 Декември 2025 | D96: =D92+D94-D95 -> 0 | E96: =E92+E94-E95 -> 0 | F96: =F92+F94-F95 -> 0 | G96: =G92+G94-G95 -> 0 | H96: =H92+H94-H95 -> 0 | I96: =SUM(D96:H97) -> 0
A97: (тековна година)
A98: Нето сметководствена вредност на | D98: =D89-D96 -> 0 | E98: =E89-E96 -> 0 | F98: =F89-F96 -> 0 | G98: =G89-G96 -> 0 | H98: =H89-H96 -> 0 | I98: =SUM(D98:H99) -> 0
A99: 31 декември 2025 (тековна година)
A100: Нето сметководствена вредност на | D100: =D85-D92 -> 0 | E100: =E85-E92 -> 0 | F100: =F85-F92 -> 0 | G100: =G85-G92 -> 0 | H100: =H85-H92 -> 0 | I100: =SUM(D100:H101) -> 0
A101: 1 јануари 2025(тековна година)
A103: Набавна вредност
A104: Салдо на 1 Јануари 2024 | I104: =SUM(D104:H105) -> 0
A105: (претходна година)
A106: Зголемување | I106: =SUM(D106:H106) -> 0
A107: Намалување | I107: =SUM(D107:H107) -> 0
A108: Салдо на 31 Декември 2024 | D108: =D104+D106-D107 -> 0 | E108: =E104+E106-E107 -> 0 | F108: =F104+F106-F107 -> 0 | G108: =G104+G106-G107 -> 0 | H108: =H104+H106-H107 -> 0 | I108: =SUM(D108:H109) -> 0
A109: (претходна година)
A110: Исправка на вредноста
A111: Салдо на 1 Јануари 2024 | I111: =SUM(D111:H112) -> 0
A112: (претходна година)
A113: Амортизација | I113: =SUM(D113:H113) -> 0
A114: Намалување | I114: =SUM(D114:H114) -> 0
A115: Салдо на 31 Декември 2024 | D115: =D111+D113-D114 -> 0 | E115: =E111+E113-E114 -> 0 | F115: =F111+F113-F114 -> 0 | G115: =G111+G113-G114 -> 0 | H115: =H111+H113-H114 -> 0 | I115: =SUM(D115:H116) -> 0
A116: (претходна година)
A117: Нето сметководствена вредност на | D117: =D108-D115 -> 0 | E117: =E108-E115 -> 0 | F117: =F108-F115 -> 0 | G117: =G108-G115 -> 0 | H117: =H108-H115 -> 0 | I117: =SUM(D117:H118) -> 0
A118: 31 декември 2024 (претходна година)
A119: Нето сметководствена вредност на | D119: =D104-D111 -> 0 | E119: =E104-E111 -> 0 | F119: =F104-F111 -> 0 | G119: =G104-G111 -> 0 | H119: =H104-H111 -> 0 | I119: =SUM(D119:H120) -> 0
A120: 1 јануари 2024(претходна година)
A122: 8.МАТЕРИЈАЛНИ СРЕДСТВА
A123: ОПИС | D123: Земјиште | E123: Градежни објекти | F123: Опрема | G123: Инвестиции во тек | H123: Вкупно
A125: Набавна вредност
A126: Салдо на 1 Јануари 2025 | F126: =F149 -> 0 | H126: =SUM(D126:G127) -> 0
A127: (тековна година)
A128: Зголемување | H128: =SUM(D128:G128) -> 0
A129: Намалување | H129: =SUM(D129:G129) -> 0
A130: Салдо на 31 Декември 2025 | D130: =D126+D128-D129 -> 0 | E130: =E126+E128-E129 -> 0 | F130: =F126+F128-F129 -> 0 | G130: =G126+G128-G129 -> 0 | H130: =SUM(D130:G131) -> 0
A131: (тековна година)
A132: Исправка на вредноста
A133: Салдо на 1 Јануари 2025 | F133: =F156 -> 0 | H133: =SUM(D133:G134) -> 0
A134: (тековна година)
A135: Амортизација | H135: =SUM(D135:G135) -> 0
A136: Намалување | H136: =SUM(D136:G136) -> 0
A137: Салдо на 31 Декември 2025 | D137: =D133+D135-D136 -> 0 | E137: =E133+E135-E136 -> 0 | F137: =F133+F135-F136 -> 0 | G137: =G133+G135-G136 -> 0 | H137: =SUM(D137:G138) -> 0
A138: (тековна година)
A139: Нето сметководствена вредност на | D139: =D130-D137 -> 0 | E139: =E130-E137 -> 0 | F139: =F130-F137 -> 0 | G139: =G130-G137 -> 0 | H139: =SUM(D139:G140) -> 0
A140: 31 декември 2025 (тековна година)
A141: Нето сметководствена вредност на | D141: =D126-D133 -> 0 | E141: =E126-E133 -> 0 | F141: =F126-F133 -> 0 | G141: =G126-G133 -> 0 | H141: =SUM(D141:G142) -> 0
A142: 1 јануари 2025 (тековна година)
A144: Набавна вредност
A145: Салдо на 1 Јануари 2024 | H145: =SUM(D145:G146) -> 0
A146: (претходна година)
A147: Зголемување | H147: =SUM(D147:G147) -> 0
A148: Намалување | H148: =SUM(D148:G148) -> 0
A149: Салдо на 31 Декември 2024 | D149: =D145+D147-D148 -> 0 | E149: =E145+E147-E148 -> 0 | F149: =F145+F147-F148 -> 0 | G149: =G145+G147-G148 -> 0 | H149: =SUM(D149:G150) -> 0
A150: (претходна година)
A151: Исправка на вредноста
A152: Салдо на 1 Јануари 2024 | H152: =SUM(D152:G153) -> 0
A153: (претходна година)
A154: Амортизација | H154: =SUM(D154:G154) -> 0
A155: Намалување | H155: =SUM(D155:G155) -> 0
...

Sheet ПТ
A1: Извештај за парични текови
A3: ='[1]ОСНОВНИ ПОДАТОЦИ ЗА ДРУШТВОТО'!B1 -> 0
B7: ОПИС | D7: 2025 | E7: 2024
A8: 1 | B8: Добивка/Загуба | D8: =БУ!E98-БУ!E99 -> 0
A9: 2 | B9: Амортизација | D9: =БУ!E55 -> 0
A10: 3 | B10: Приходи од камати и курсни разлики | D10: =(БУ!E63+БУ!E64+БУ!E67+БУ!E68)*-1 -> 0
A11: 4 | B11: Расходи од камати и курсни разлики | D11: =БУ!E73+БУ!E74+БУ!E77+БУ!E76 -> 0
A12: 5 | B12: Оперативен Резултат | D12: =SUM(D8:D11) -> 0
A13: 6 | B13: Залихи | D13: =БС!F77-БС!E77 -> 0
A14: 7 | B14: Побарувања кон неповрзани купувачи | D14: =БС!F89-БС!E89 -> 0
A15: 8 | B15: Побарувања кон поврзани купувачи | D15: =БС!F88-БС!E88 -> 0
A16: 9 | B16: Останати побарувања | D16: =(БС!F90+БС!F91+БС!F92+БС!F93)-(БС!E90+БС!E91+БС!E92+БС!E93) -> 0
A17: 10 | B17: Активни временски разграничувања | D17: =БС!F109-БС!E109 -> 0
A18: 11 | B18: Долгорочни побарувања | D18: =БС!F66+БС!F70-БС!E66-БС!E70 -> 0
A19: 12 | B19: Обврски кон добавувачи неповрзани | D19: =БС!E152-БС!F152 -> 0
A20: 13 | B20: Обврски кон добавувачи поврзани | D20: =БС!E151-БС!F151 -> 0
A21: 14 | B21: Останати обврски | D21: =(БС!E153+БС!E154+БС!E155+БС!E156++БС!E157+БС!E165+БС!E166+БС!E167+БС!E168)-(БС!F153+БС!F154+БС!F155+БС!F156+БС!F157+БС!F165+БС!F166+БС!F167+БС!F168) -> 0
A22: 15 | B22: Долгорочни обврски | D22: =БС!E141+БС!E142+БС!E143+БС!E146+БС!E147+БС!E148+БС!E149-БС!F141-БС!F142-БС!F143-БС!F146-БС!F147-БС!F148-БС!F149 -> 0
A23: 16 | B23: Долгорочни резервирања | D23: =БС!E137-БС!F137 -> 0
A24: 17 | B24: Пасивни временски разграничувања | D24: =БС!E169-БС!F169 -> 0
A25: 18 | B25: Вкупно од оперативни активности | D25: =SUM(D12:D24) -> 0
A26: 19 | B26: Вложувања во НПО | D26: =((БС!E53+БС!E37+БС!E30+БУ!E55)-(БС!F53+БС!F37+БС!F30))*(-1) -> 0
A27: 20 | B27: Долгорочни вложувања | D27: =БС!F54-БС!E54-СК!O18 -> 0
A28: 21 | B28: Краткорочни вложувања | D28: =БС!F94-БС!E94 -> 0
A29: 22 | B29: Исплатени дивиденди | D29: =СК!K19 -> 0
A30: 23 | B30: Вложувачки активности вкупно | D30: =SUM(D26:D29) -> 0
A31: 24 | B31: Долгорочни кредити | D31: =БС!E144+БС!E145-БС!F144-БС!F145 -> 0
A32: 25 | B32: Краткорочни кредити | D32: =БС!E158+БС!E164-БС!F158-БС!F164 -> 0
A33: 26 | B33: Наплатена камата | D33: =D10*(-1) -> 0
A34: 27 | B34: Платени камати | D34: =D11*(-1) -> 0
A35: 28 | B35: Вкупно финансиски активност | D35: =SUM(D31:D34) -> 0
A36: 29 | B36: Паричен тек за тековна година | D36: =D25+D30+D35 -> 0
A37: 30 | B37: Парични средства на почеток на година | D37: =БС!F106 -> 0
A38: 31 | B38: Парични средства на крај на година | D38: =D36+D37 -> 0
B40: .
B44: Контрола:
B45: БС | D45: =БС!E106 -> 0
B46: Разлика | D46: =D38-D45 -> 0

Sheet СК
A1: Извештај за промени во главнината
A3: ='[1]ОСНОВНИ ПОДАТОЦИ ЗА ДРУШТВОТО'!B1 -> 0
B7: Опис | C7: Запишан Капитал | D7: Реинвестирана добивка | E7: Сопствени акции и неуплатен капитал | F7: Премии на издадени акции | G7: Ревалоризациони резерви | H7: Законски резерви | I7: Статутарни резерви | J7: Останати резерви | K7: Акумулирана Добивка | L7: Пренесена Загуба | M7: Добивка за тековната година | N7: Загуба за тековната година | O7: ВКУПНО
A8: 1 | B8: Состојба на 31.12.2024 | C8: =БС!F116 -> 0 | D8: ='КОНТЕН ПЛАН'!G8 -> 0 | E8: =БС!F118+БС!F119 -> 0 | F8: =БС!F117 -> 0 | G8: =БС!F120 -> 0 | H8: =БС!F122 -> 0 | I8: =БС!F123 -> 0 | J8: =БС!F124 -> 0 | K8: =БС!F125 -> 0 | L8: =БС!E126*-1 -> 0 | M8: =БС!F127 -> 0 | N8: =БС!F128*-1 -> 0 | O8: =SUM(C8:N8) -> 0
A9: 2 | B9: Издадени акции за пари | O9: =SUM(C9:N9) -> 0
A10: 3 | B10: Откупени сопствени акции | O10: =SUM(C10:N10) -> 0
A11: 4 | B11: Продадени откупени сопствени акции | O11: =SUM(C11:N11) -> 0
A12: 5 | B12: Пренос на добивката | K12: =M8 -> 0 | M12: =M8*(-1) -> 0 | O12: =SUM(C12:N12) -> 0
A13: 6 | B13: Пренос на акумулираната добивка | D13: ='КОНТЕН ПЛАН'!D558-'КОНТЕН ПЛАН'!G8 -> 0 | O13: =SUM(C13:N13) -> 0
A14: 7 | B14: Добивка за тековната година | M14: =БУ!E98 -> 0 | O14: =SUM(C14:N14) -> 0
A15: 8 | B15: Загуба за тековната година | N15: =БУ!E99*(-1) -> 0 | O15: =SUM(C15:N15) -> 0
A16: 9 | B16: Запишано зголемување во ЦРМ | O16: =SUM(C16:N16) -> 0
A17: 10 | B17: Запишано намалување во ЦРМ | O17: =SUM(C17:N17) -> 0
A18: 11 | B18: Останато зголемување/намалување | O18: =SUM(C18:N18) -> 0
A19: 12 | B19: Дивиденди | O19: =SUM(C19:N19) -> 0
A20: 13 | B20: Состојба на 31.12.2025 | C20: =SUM(C8:C19) -> 0 | D20: =SUM(D8:D19) -> 0 | E20: =SUM(E8:E19) -> 0 | F20: =SUM(F8:F19) -> 0 | G20: =SUM(G8:G19) -> 0 | H20: =SUM(H8:H19) -> 0 | I20: =SUM(I8:I19) -> 0 | J20: =SUM(J8:J19) -> 0 | ... O20: =SUM(O8:O19) -> 0

Sheet ДБ
B10: Посебен | E10: Заштитни | H10: ТИРЗ | J10: Казнено поправни
B11: даночен статус | E11: друштва | J11: домови
B13: Единствен | D13: ='[2]ОСНОВНИ ПОДАТОЦИ ЗА ДРУШТВОТО'!B4 -> 0 | J13: Датум и
B14: даночен број | J14: број на
J15: прием
B16: Скратен назив | D16: ='[2]ОСНОВНИ ПОДАТОЦИ ЗА ДРУШТВОТО'!B1 -> 0
B17: и адреса на вистинско | K17: Даночен период
B18: седиште за контакт | J18: од | K18: 45658
J19: до | K19: 46022
J20: Рок за
J21: поднесување
B22: Телефон
J23: Исправка
B24: е-пошта | J24: на ДБ | L24: Број:
B27: УТВРДУВАЊЕ НА ДАНОК НА ДОБИВКА
L28: АОП
A29: I. | B29: Финансиски резултат во Биланс на успех | K29: 01
A30: II. | B30: Непризнаени расходи и помалку искажани приходи за даночни цели (збир од АОП 03 до АОП 39) | L30: 02 | M30: =SUM(M31:N61) -> 0
A31: 1 | B31: Расходи кои не се поврзани со вршење на дејноста на субјектот односно не се непосреден услов за извршување на дејноста и не се последица од вршењето на дејноста | L31: 03
A32: 2 | B32: Надоместоци на трошоци и други лични примања од работен однос над утврдениот износ | L32: 04
A33: 3 | B33: Надоместоци на трошоци на вработените што не се утврдени со член 9 став 1 точка 2 од ЗДД | L33: 05
A34: 4 | B34: Трошоци за организирана исхрана и превоз над износите утврдени со закон | L34: 06
A35: 5 | B35: Трошоци за хотелско сместување во износ над 6.000 денари дневно по лице и трошоци за превоз на лица кои не се документирани | L35: 07
A36: 6 | B36: Трошоци за исхрана на вработени кои работат ноќно време над износите утврдени со закон | L36: 08
A37: 7 | B37: Трошоци по основ на месечни надоместоци на членови на органи на управување над висината утврдена со закон | L37: 09
A38: 8 | B38: Трошоци по основ на уплатени доброволни придонеси во доброволен пензиски фонд над висината утврдена со закон | L38: 10
A39: 9 | B39: Трошоци по основ на уплатени премии за осигурување на живот над висината утврдена со закон | L39: 11
A40: 10 | B40: Надомест за лица волонтери и за лица ангажирани за вршење на јавни работи над износите утврдени со закон | L40: 12
A41: 11 | B41: Скриени исплати на добивки | L41: 13
A42: 12 | B42: Кусоци кои не се предизвикани од вонредни настани (кражба, пожар или други природни непогоди) | L42: 14
... A67: 37 | B67: Други усогласувања на расходи | L67: 39
A68: III. | B68: Даночна основа (I+II) | L68: 40 | M68: =M29+M30 -> 0
A69: IV. | B69: Намалување на даночна основа (АОП42+АОП43+АОП44+АОП45+АОП46+АОП47+АОП48) | L69: 41 | M69: =M70+M71+M72+M75+M76 -> 0
A70: 38 | B70: Износ на наплатени побарувања за кои во претходниот период е зголемена даночната основа | L70: 42
A71: 39 | B71: Износ на вратен дел од заем за кои во претходните даночни периоди било извршено зголемување на даночната основа | L71: 43
A72: 40 | B72: Износ на трошоците за амортизација над износот пресметан со примена на амортизациони стапки утврдени со номенклатурата за средствата за амортизација и годишните амортизациони стапки за кои во претходниот период е извршено зголемување на даночната основица | L72: 44
A73: 41 | B73: Износ на неисплатените надоместоци над износите утврдени во член 9 став(1) точки 2),3-6),4),5),5-а) и 6), од ЗДД, за кои во претходниот период е извршено зголемување на даночната основа, доколку истите се искажани како приход | L73: 45
A74: 42 | B74: Дивиденди остварени со учество во капиталот на друг даночен обврзник, оданочени со данок на добивка кај исплатувачот | L74: 46
A75: 43 | B75: Дел од загуба намалена за непризнаени расходи, пренесена од претходни години | L75: 47
A76: 44 | B76: Износ на извршени вложувања од добивката (реинвестирана) | L76: 48
A77: V. | B77: Даночна основа по намалување (III- IV) | L77: 49 | M77: =IF(M68-M69>0,M68-M69,0) -> 0
A78: VI. | B78: Пресметан данок на добивка (V x 10%) | L78: 50 | M78: =IF(M77*10%>0,M77*10%,0) -> 0
A79: VII. | B79: Намалување на пресметаниот данок на добивка (АОП40+АОП41+АОП42+АОП43) | L79: 51 | M79: =SUM(M80:N83) -> 0
A80: 45 | B80: Намалување на данокот за вредноста на набавени и ставени во употреба до 10 фискални системи на опрема за регистрирање на готовински плаќања | L80: 52
A81: 46 | B81: Износ на данок содржан во оданочени приходи/ добивки во странство (withholding tax) до пропишаната стапка | L81: 53
A82: 47 | B82: Данок кој го платила подружницата во странство за добивката вклучена во приходите на матичното правно лице во Р.М. но не повеќе од износот на данокот по пропишаната стапка во ЗДД | L82: 54
A83: 48 | B83: Износ на пресметано даночно олеснување за дадена донација утврдена во согласност со членовите 30-а од ЗДД | L83: 55
A84: VIII. | B84: Пресметан данок по намалување (VI-VII) | L84: 56 | M84: =M78-M79 -> 0
A85: 49 | B85: Платени аконтации на данокот на добивка за даночниот период | L85: 57
A86: 50 | B86: Износ на повеќе платен данок на добивка пренесен од претходните даночни периоди | L86: 58
A87: 51 | B87: Износ за доплата / повеќе платен износ (АОП 56 - АОП 57 - АОП 58) | J87: 59 | L87: 59 | M87: =M84-M85-M86 -> 0
A88: IX. | B88: ПОСЕБНИ ПОДАТОЦИ
A89: 52 | B89: Вкупен износ на извршени вложувања од добивката (реинвестирана) | L89: 60 | M89: =M76 -> 0
A90: 53 | B90: Загуби од претходни години за кои правото на покритие во рок од три години не е изминато | L90: 61
A91: 54 | B91: Остварена загуба намалена за непризнаените расходи од тековната година која може да се пренесе во наредните три години | L91: 62 | M91: =IF(M77<0,M77,0) -> 0
A92: 55 | B92: Пренесен неискористен дел на правото на намалување на данокот по одредбите од член 30 од ЗДД | L92: 63
A93: 56 | B93: Пренесен неискористен дел на правото на намалување на данокот платен во странство до пропишаната стапка | L93: 64
A94: 57 | B94: Остварен вкупен приход во годината | L94: 65
A95: 58 | B95: Вкупни трошоци за донации во годината за кои се користи правото на намалување од Законот за донации и спонзорства во јавните дејности | L95: 66
A96: 59 | B96: Вкупни трошоци за донации во годината за кои не се користи правото на намалување од Законот за донации и спонзорства во јавните дејности | L96: 67
A97: 60 | B97: Вкупни трошоци за спонзорства во годината, за кои се користи правото на намалување од Законот за донации и спонзорства во јавните дејности | L97: 68
A98: 61 | B98: Вкупни трошоци за спонзорства во годината, за кои не се користи правото на намалување од Законот за донации и спонзорства во јавните дејности | L98: 69
A99: 62 | B99: Вкупни трошоци за донација во спорт за која е користено намалување на пресметаниот данок, по еден од основите на член 30-а од ЗДД | L99: 70
B101: ПОДАТОЦИ ЗА СОСТАВУВАЧОТ
B103: Назив /
B104: Име и презиме
H105: Датум на
B106: ЕДБ / ЕМБГ | H106: пополнување
B108: Својство | H108: Потпис
B111: ПОДАТОЦИ ЗА ПОТПИСНИКОТ
B113: Назив /
B114: Име и презиме
H115: Датум на
B116: ЕДБ / ЕМБГ | H116: пополнување
B118: Својство | H118: Потпис

Sheet ДБ-ВП
A7: Единствен | C7: ='[1]ОСНОВНИ ПОДАТОЦИ ЗА ДРУШТВОТО'!B4 -> 0 | H7: Датум и
A8: даночен број | H8: број на
H9: прием
A10: Скратен назив | C10: ='[1]ОСНОВНИ ПОДАТОЦИ ЗА ДРУШТВОТО'!B1 -> 0
A11: и адреса на вистинско | I11: Даночен период
A12: седиште за контакт | H12: од | I12: 45658
H13: до | I13: 46022
H14: Рок за
H15: поднесување
A16: Телефон
H17: Исправка
A18: е-пошта | H18: на ДБ - ВП | J18: Број:
A21: ПОДАТОЦИ ЗА ДЕЈНОСТА
A24: Опис на дејност | C24: Шифра НАЦЕ | D24: ='ОСНОВНИ ПОДАТОЦИ ЗА ДРУШТВОТО'!C16:O16 -> 0 | E24: Назив НАЦЕ | F24: ='ОСНОВНИ ПОДАТОЦИ ЗА ДРУШТВОТО'!C17:O17 -> 0
D25: Друштво за вработување на инвалидизирани лица
A27: Правна форма | D27: ДООЕЛ | F27: Акционерско Друштво | H27: Јавно Трговско Друштво
D29: ДОО | F29: Командитно Друштво | H29: Командитно друштво со акции
D31: Друго
A34: Друштвото се определило да плаќа ГДВП од : | G34: Година
A36: УТВРДУВАЊЕ НА ГОДИШЕН ДАНОК НА ВКУПЕН ПРИХОД
A38: 1 | B38: Вкупен приход утврден во Билансот на успех | H38: 01 | I38: =I39+I40+I41 -> 0
A39: 1.1 | B39: Приходи од работењето | H39: 02 | I39: =БУ!E29 -> 0
A40: 1.2 | B40: Финансиски приходи | H40: 03 | I40: =БУ!E60 -> 0
A41: 1.3 | B41: Удел во добивката на придружените друштва | H41: 04 | I41: =БУ!E87 -> 0
A42: 2 | B42: Пропишана стапка (стапка од член 34 на ЗДД) | H42: 05 | I42: 0.01
A43: 3 | B43: Годишен данок на вкупен приход (реден број 1 x 2/100) | H43: 06 | I43: =I38*I42 -> 0
A44: 4 | B44: Износ на платени аконтации на данокот на добивка | H44: 07
A48: ПОДАТОЦИ ЗА СОСТАВУВАЧОТ
A50: Назив /
A51: Име и презиме
G52: Датум на
A53: ЕДБ / ЕМБГ | G53: пополнување
A55: Својство | G55: Потпис
A58: ПОДАТОЦИ ЗА ПОТПИСНИКОТ
A60: Назив /
A61: Име и презиме
G62: Датум на
A63: ЕДБ / ЕМБГ | G63: пополнување
A65: Својство | G65: Потпис
